 Dungeon Crawl Stone Soup version 0.28-a0-6-g334057b17a (webtiles) character file.

Game seed: 14470307391024599122

14342148 DocSulfur the Archmage (level 27, 242/242 HPs)
             Began as a Demonspawn Necromancer on July 22, 2021.
             Was the Champion of Kikubaaqudgha.
             Escaped with the Orb
             ... and 15 runes on July 23, 2021!
             The game lasted 16:17:12 (111141 turns).

DocSulfur the Archmage (Demonspawn Necromancer)   Turns: 111141, Time: 16:17:13

Health: 242/242    AC: 11    Str: 11    XL:     27
Magic:  54/54      EV: 22    Int: 33    God:    Kikubaaqudgha [******]
Gold:   11143      SH: 15    Dex: 14    Spells: 1/80 levels left

rFire   + + .      SeeInvis +   g - staff of conjuration
rCold   + + +      Faith    .   Z - +2 kite shield
rNeg    + . .      Spirit   .   A - +2 robe of Vines {NoPotionHeal Regen+++}
rPois   +          Reflect  .   (helmet unavailable)
rElec   +          Harm     .   u - scarf {repulsion}
rCorr   +          Rampage  .   L - +1 pair of gloves of Nuarch {rC+++ Dex-2}
Will    +++..                   W - +1 pair of boots "Pelaiggu" {rElec rF++ rCorr MP-9}
Stlth   ++........              K - amulet of Xom's Bemusement {RegenMP Int+6 Slay-2}
HPRegen 3.50/turn               q - ring "Elom" {rC+ MP+9}
MPRegen 0.59/turn               h - ring of Soner {rPois rN+ Will+ Stlth+}

@: studying 4 skills, repel missiles
A: antennae 3, rugged brown scales 3, ignite blood 3, spiny 3, augmentation 3,
thin skeletal structure 1, deterioration 1, mutation resistance 1
0: Orb of Zot
}: 15/15 runes: serpentine, barnacled, slimy, silver, golden, iron, obsidian,
icy, bone, abyssal, demonic, glowing, magical, fiery, dark
a: Renounce Religion, Receive Corpses, Torment


You escaped.
You worshipped Kikubaaqudgha.
Kikubaaqudgha was exalted by your worship.
You visited 18 branches of the dungeon, and saw 90 of its levels.
You visited Pandemonium 1 time, and saw 19 of its levels.
You visited the Abyss 2 times.
You visited 1 bazaar.
You visited 1 ziggurat, and saw 10 of its levels.
You also visited: Trove and Sewer.

You collected 21512 gold pieces.
You spent 10369 gold pieces at shops.

Inventory:

Missiles
 c - 11 atropa-tipped darts
 s - 4 throwing nets
 D - 8 boomerangs of dispersal
 M - 72 javelins
 Q - 11 silver javelins
Armour
 u - a scarf of repulsion (worn)
 w - a +0 robe of the Archmagi
 y - the +4 kite shield "Hubumpaa" {+Inv rF- rN+ Dex+2}
   (You bought it in a shop on level 1 of the Vaults)

   Dex:       It affects your dexterity (+2).
   rF:        It makes you vulnerable to fire.
   rN:        It protects you from negative energy.
   +Inv:      It lets you turn invisible.
 A - the +2 robe of Vines (worn) {NoPotionHeal Regen+++}
   (You found it on level 13 of the Dungeon)

   Its wearer cannot be healed by potions.
   Regen:     It increases your rate of health regeneration.
 L - the +1 pair of gloves of Nuarch (worn) {rC+++ Dex-2}
   (You found it on level 5 of the Vaults)

   Dex:       It affects your dexterity (-2).
   rC:        It renders you almost immune to cold.
 W - the +1 pair of boots "Pelaiggu" (worn) {rElec rF++ rCorr MP-9}
   (You found it on level 3 of the Vaults)

   rF:        It greatly protects you from fire.
   rElec:     It insulates you from electricity.
   MP:        It affects your magic capacity (-9).
   rCorr:     It protects you from acid and corrosion.
 Z - a +2 kite shield (worn)
Magical Staves
 g - a staff of conjuration (weapon)
 p - a staff of fire
 P - a staff of earth
 X - a staff of death
Jewellery
 f - the ring "Qoustri" {+Blink Fly Will+ Int+6}
   (You found it in Pandemonium)

   [ring of intelligence]

   Int:       It affects your intelligence (+6).
   Fly:       It grants you flight.
   +Blink:    It lets you blink.
   Will:      It increases your willpower.
 h - the ring of Soner (right hand) {rPois rN+ Will+ Stlth+}
   (You found it on level 5 of the Depths)

   [ring of poison resistance]

   rPois:     It protects you from poison.
   rN:        It protects you from negative energy.
   Will:      It increases your willpower.
   Stlth:     It makes you more stealthy.
 o - the ring of Ducag {rPois rF- AC+4 Str+3 Int+8}
   (You found it in Pandemonium)

   [ring of protection]

   AC:        It affects your AC (+4).
   Str:       It affects your strength (+3).
   Int:       It affects your intelligence (+8).
   rF:        It makes you vulnerable to fire.
   rPois:     It protects you from poison.
 q - the ring "Elom" (left hand) {rC+ MP+9}
   (You found it on level 5 of the Depths)

   [ring of magical power]

   rC:        It protects you from cold.
   MP:        It affects your magic capacity (+9).
 B - a ring of the Octopus King {Fly AC+1 EV+1 Str+1 Int+1 Dex+1}
   (You found it on level 7 of the Iron City of Dis)

   [ring of flight]

   AC:        It affects your AC (+1).
   EV:        It affects your evasion (+1).
   Str:       It affects your strength (+1).
   Int:       It affects your intelligence (+1).
   Dex:       It affects your dexterity (+1).
   Fly:       It grants you flight.
 H - a ring of protection from fire
 K - the amulet of Xom's Bemusement (around neck) {RegenMP Int+6 Slay-2}
   (You found it on level 5 of the Depths)

   [amulet of magic regeneration]

   It increases your rate of magic regeneration.
   Int:       It affects your intelligence (+6).
   Slay:      It affects your accuracy & damage with ranged weapons and melee
   (-2).
 O - an amulet of reflection
 R - the amulet of Mistrust {rC+ Regen+ Int+5}
   (You acquired it on level 4 of a ziggurat)

   [amulet of regeneration]

   Int:       It affects your intelligence (+5).
   rC:        It protects you from cold.
   Regen:     It increases your rate of health regeneration.
 T - a ring of wizardry
 V - the ring of Sikimpy {rN+ Int+4 Slay+4 Stlth-}
   (You found it on level 10 of a ziggurat)

   [ring of slaying]

   Int:       It affects your intelligence (+4).
   Slay:      It affects your accuracy & damage with ranged weapons and melee
   (+4).
   rN:        It protects you from negative energy.
   Stlth:     It makes you less stealthy.
Wands
 E - a wand of paralysis (20)
 I - a wand of acid (94)
 U - a wand of digging (32)
Scrolls
 b - 13 scrolls of immolation
 j - 29 scrolls of teleportation
 r - 14 scrolls of amnesia
 t - 10 scrolls of blinking
 z - 11 scrolls of fog
 G - 9 scrolls of enchant armour
 Y - 7 scrolls of summoning
Potions
 a - 16 potions of might
 d - 7 potions of cancellation
 e - 13 potions of resistance
 i - 7 potions of mutation
 k - a potion of ambrosia
 l - 30 potions of curing
 m - 3 potions of magic
 n - 5 potions of haste
 x - 11 potions of brilliance
 C - 2 potions of invisibility
 J - 11 potions of lignification
Miscellaneous
 v - a figurine of a ziggurat
 F - a phantom mirror


   Skills:
 + Level 20.8 Fighting
 - Level 7.9 Polearms
 - Level 20.0 Dodging
 - Level 1.7 Stealth
 - Level 15.0 Shields
 O Level 27 Spellcasting
 + Level 24.6 Conjurations
 - Level 22.0 Necromancy
 - Level 20.0 Transmutations
 + Level 24.5 Fire Magic
 + Level 24.5 Earth Magic
 - Level 6.1 Evocations


You had one spell level left.
You knew the following spells:

 Your Spells              Type           Power      Damage    Failure   Level
a - Iron Shot             Conj/Erth      96%        9d17      0%          6
b - Borgnjor's Vile Clut  Necr/Erth      82%        N/A       0%          5
c - Lehudib's Crystal Sp  Conj/Erth      96%        10d21     1%          8
d - Passwall              Tmut/Erth      100%       N/A       0%          2
e - Sublimation of Blood  Necr           80%        N/A       0%          2
f - Shatter               Erth           83%        3d60*     2%          9
g - Dispel Undead         Necr           100%       3d31      0%          4
h - Fire Storm            Conj/Fire      96%        8d24      1%          9
i - Necromutation         Tmut/Necr      79%        N/A       1%          8
j - Infestation           Necr           80%        N/A       1%          8
k - Blink                 Tloc           N/A        N/A       1%          2
l - Ignition              Fire           83%        3d21      1%          8
m - Borgnjor's Revivific  Necr           80%        N/A       1%          8

Your spell library contained the following spells:

 Spells                   Type           Power      Damage    Failure   Level
 Animate Skeleton         Necr           100%       N/A       0%          1
 Beastly Appendage        Tmut           100%       N/A       0%          1
 Foxfire                  Conj/Fire      100%       2x1d9     0%          1
 Magic Dart               Conj           100%       1d8       0%          1
 Pain                     Necr           100%       1d9       0%          1
 Sandblast                Erth           100%       2d20      0%          1
 Shock                    Conj/Air       100%       1d9       0%          1
 Sting                    Tmut/Pois      100%       1d8       0%          1
 Apportation              Tloc           100%       N/A       1%          1
 Corona                   Hex            86%        N/A       1%          1
 Freeze                   Ice            100%       1d11      1%          1
 Summon Small Mammal      Summ           100%       N/A       1%          1
 Corpse Rot               Necr/Air       N/A        N/A       0%          2
 Static Discharge         Conj/Air       100%       N/A       0%          2
 Wereblood                Tmut           100%       N/A       0%          2
 Conjure Flame            Conj/Fire      100%       6-21      0%          3
 Dazzling Flash           Conj/Hex       100%       N/A       0%          3
 Ignite Poison            Fire/Tmut/Pois 100%       N/A       0%          3
 Inner Flame              Hex/Fire       100%       N/A       0%          3
 Stone Arrow              Conj/Erth      100%       3d13      0%          3
 Vampiric Draining        Necr           80%        2d17      0%          3
 Animate Dead             Necr           80%        N/A       0%          4
 Petrify                  Tmut/Erth      100%       N/A       0%          4
 Sticky Flame             Conj/Fire      100%       2d11      0%          4
 Agony                    Necr           100%       N/A       0%          5
 Blade Hands              Tmut           78%        N/A       0%          5
 Bolt of Magma            Conj/Fire/Erth 96%        4d36      0%          5
 Excruciating Wounds      Necr           80%        N/A       0%          5
 Fireball                 Conj/Fire      96%        3d35      0%          5
 Irradiate                Conj/Tmut      94%        3d45      0%          5
 Iskenderun's Battlesphe  Conj           100%       2d15      0%          5
 Lee's Rapid Deconstruct  Erth           83%        3d38*     0%          5
 Death Channel            Necr           80%        N/A       0%          6
 Starburst                Conj/Fire      96%        8x6d24    0%          6
 Statue Form              Tmut/Erth      100%       N/A       0%          6
 Call Imp                 Summ           78%        N/A       1%          2
 Ensorcelled Hibernation  Hex/Ice        100%       N/A       1%          2
 Poisonous Vapours        Pois/Air       100%       N/A       1%          2
 Slow                     Hex            78%        N/A       1%          2
 Call Canine Familiar     Summ           78%        N/A       1%          3
 Confusing Touch          Hex            78%        N/A       1%          3
 Frozen Ramparts          Ice            100%       1d12      1%          3
 Gell's Gravitas          Tloc           39%        N/A       1%          3
 Lesser Beckoning         Tloc           39%        N/A       1%          3
 Mephitic Cloud           Conj/Pois/Air  100%       N/A       1%          3
 Ozocubu's Armour         Ice            78%        N/A       1%          3
 Portal Projectile        Hex/Tloc       100%       N/A       1%          3
 Spider Form              Tmut/Pois      63%        N/A       1%          3
 Summon Guardian Golem    Hex/Summ       78%        N/A       1%          3
 Swiftness                Air            78%        N/A       1%          3
 Teleport Other           Tloc           78%        N/A       1%          3
 Tukima's Dance           Hex            78%        N/A       1%          3
 Animate Armour           Summ/Erth      100%       N/A       1%          4
 Fulminant Prism          Conj/Hex       80%        3d34      1%          4
 Hailstorm                Conj/Ice       100%       3d20      1%          4
 Ice Form                 Ice/Tmut       100%       N/A       1%          4
 Iskenderun's Mystic Bla  Conj/Tloc      100%       2d19      1%          4
 Leda's Liquefaction      Hex/Erth       67%        N/A       1%          4
 Alistair's Intoxication  Tmut/Pois      84%        N/A       1%          5
 Freezing Cloud           Conj/Ice/Air   72%        6-21      1%          5
 Lightning Bolt           Conj/Air       80%        1d107     1%          5
 Yara's Violent Unravell  Hex/Tmut       63%        3d24      1%          5
 Conjure Ball Lightning   Conj/Air       80%        3x3d30    1%          6
 Eringya's Noxious Bog    Tmut/Pois      63%        N/A       1%          6
 Simulacrum               Ice/Necr       65%        N/A       1%          6
 Dragon Form              Tmut           78%        N/A       1%          7
 Orb of Destruction       Conj           96%        9d21      1%          7
 Spellforged Servitor     Conj/Summ      80%        N/A       2%          7
 Airstrike                Air            39%        N/A       4%          4
 Cause Fear               Hex            39%        N/A       4%          4
 Olgreb's Toxic Radiance  Pois           78%        N/A       4%          4
 Passage of Golubria      Tloc           N/A        N/A       4%          4
 Summon Ice Beast         Ice/Summ       78%        N/A       4%          4
 Summon Lightning Spire   Summ/Air       78%        N/A       4%          4
 Haunt                    Necr/Summ      65%        N/A       4%          7
 Death's Door             Necr           80%        N/A       6%          9
 Storm Form               Tmut/Air       63%        N/A       7%          7
 Manifold Assault         Tloc           78%        N/A       14%         5
 Metabolic Englaciation   Hex/Ice        39%        N/A       14%         5
 Silence                  Hex/Air        39%        N/A       14%         5
 Summon Forest            Summ/Tloc      39%        N/A       14%         5
 Summon Mana Viper        Hex/Summ       78%        N/A       14%         5
 Dispersal                Tloc           39%        N/A       58%         6
 Invisibility             Hex            39%        N/A       58%         6
 Shadow Creatures         Summ           N/A        N/A       58%         6
 Chain Lightning          Conj/Air       80%        3d106     97%         9
 Malign Gateway           Summ/Tloc      39%        N/A       99%         7
 Monstrous Menagerie      Summ           39%        N/A       99%         7
 Ozocubu's Refrigeration  Ice            39%        4d12      99%         7
 Summon Hydra             Summ           39%        N/A       99%         7
 Maxwell's Capacitive Co  Air            39%        ∞         100%        8
 Dragon's Call            Summ           39%        N/A       100%        9
 Polar Vortex             Ice            39%        N/A       100%        9


Dungeon Overview and Level Annotations

Branches:
Dungeon (15/15)            Temple (1/1) D:5            Lair (6/6) D:8
 Shoals (4/4) Lair:2        Snake (4/4) Lair:3        Slime (5/5) Lair:6
    Orc (2/2) D:10            Elf (3/3) Orc:2        Vaults (5/5) D:14
  Crypt (3/3) Vaults:2       Tomb (3/3) Crypt:3      Depths (5/5) D:15
   Hell (visited)             Dis (7/7) Hell            Geh (7/7) Hell
    Coc (7/7) Hell            Tar (7/7) Hell            Zot (5/5) Depths:5
  Sewer (visited)

Altars:
Ashenzari
Cheibriados
Dithmenos
Elyvilon
Fedhas
Gozag
Hepliaklqana
Kikubaaqudgha
Makhleb
Nemelex Xobeh
Okawaru
Qazlal
Ru
Sif Muna
Trog
Uskayaw
Vehumet
Wu Jian
Xom
Yredelemnul
Zin
The Shining One
Jiyva
Lugonu

Shops:
D:1 :   D:3 ?   D:6 (   Orc:1 !   Orc:2 ?:?[*   Elf:3 *   Snake:2 *
Snake:3 !(![   Vaults:1 [   Vaults:2 [(   Vaults:3 :   Vaults:5 :
Depths:1 [![   Depths:3 ?   Depths:5 :!

Portals:
Hell: Depths:1 Depths:2 Depths:3 Depths:4 Depths:5
Abyss: Depths:4
Pandemonium: Depths:3

Annotations:
D:11 1 runed translucent door, Mitsuki's ghost, journeyman MiFi
Vaults:1 1 runed translucent door, cccccccc's ghost, adept TrFi
Depths:2 2 transporters
Depths:4 1 runed translucent door, Onnuy's ghost, veteran DsBe
Depths:5 1 transporter, the Enchantress
Zot:1 3 runed translucent doors, Ustik's ghost, legendary GrMo


Innate Abilities, Weirdness & Mutations

You have a pair of large antennae on your head. (SInv)
You are completely covered in rugged brown scales. (AC +3, +7% HP)
Your demonic aura causes all spilled blood to erupt in flames.
You are completely covered in sharp spines.
Your magical and physical power is greatly enhanced at high health.
You have a somewhat thin skeletal structure. (Dex +2, Stealth+)
Your body sometimes deteriorates upon taking damage.
You are somewhat resistant to further mutation.


Message History

You draw magical energy from your own body!
Casting: Sublimation of Blood (safe; 0% risk of failure)
Confirm with . or Enter, or press ? or * to list all spells.
You draw magical energy from your own body!
Casting: Sublimation of Blood (safe; 0% risk of failure)
Confirm with . or Enter, or press ? or * to list all spells.
You draw magical energy from your own body!
An Orb Guardian comes into view.
There is a staircase leading out of the dungeon here.
Casting: Sublimation of Blood (safe; 0% risk of failure)
Confirm with . or Enter, or press ? or * to list all spells.
Aiming: Iron Shot (safe; 0% risk of failure)
Press: ? - help, Shift-Dir - straight line, f - Orb Guardian
Aim: an Orb Guardian (79% to hit)
You feel a surge of power!
The iron shot hits the Orb Guardian!!!!
The Orb Guardian is almost dead.
Unknown command.
Casting: Iron Shot (safe; 0% risk of failure)
Confirm with . or Enter, or press ? or * to list all spells.
Aiming: Iron Shot (safe; 0% risk of failure)
Press: ? - help, Shift-Dir - straight line, f/p - Orb Guardian
Aim: an Orb Guardian (almost dead, 79% to hit)
You feel a surge of power!
The iron shot hits the Orb Guardian!!!!
You kill the Orb Guardian!
Kikubaaqudgha accepts your kill.
Unknown command.
Casting: Iron Shot (safe; 0% risk of failure)
Confirm with . or Enter, or press ? or * to list all spells.
You draw magical energy from your own body!
Okay, then.
You start removing your armour.
You continue taking off the +4 kite shield "Hubumpaa" {+Inv rF- rN+ Dex+2}. x3
HP restored.
You continue taking off the +4 kite shield "Hubumpaa" {+Inv rF- rN+ Dex+2}.
You finish taking off the +4 kite shield "Hubumpaa" {+Inv rF- rN+ Dex+2}.
You start putting on your armour.
You continue putting on your +2 kite shield. x5
You finish putting on your +2 kite shield.
You can't go down here!
You have escaped!

.......# ##.###.########.....#
.......# ##.........## #.....#
.......####..#.....#..# #.....#
.......#.....##...##..####.....#
.............###.###....##.....#
.......#..###.##.##.###.##.....##
.......#...###.#.#.###..#........
.......#....###...###...#.#######
.......##.......@.........#......
#########...###...###.....#.####.
.......##..###.#.#.###..#.#.#....
.......#..###.##.##.###.#.#.#.#..
.......##....###.###....#.#.#.#..
.......####..##...##..#.....#.#..
.......# #..#.....#..#.#.....#..
.......#####............#...###..
.......'..............)..........


There were no monsters in sight!

Vanquished Creatures
  Cerebov (Pan)
  Antaeus (Coc:7)
  Asmodeus (Geh:7)
  the Royal Jelly (Slime:5)
  Gloorx Vloq (Pan)
  Ereshkigal (Tar:7)
  the Serpent of Hell (Tar:7)
  Lom Lobon (Pan)
  Mnoleg (Pan)
  2 seraphim
  Dispater (Dis:7)
  5 pandemonium lords
  6 dread liches (Zot:5)
  Mennas (Crypt:3)
  6 orbs of fire
  5 ancient liches
  33 royal mummies
  Boris (twice) (Crypt:3 Tomb:2)
  Sojobo (Depths:5)
  Saint Roka (Crypt:3)
  The ghost of Ucis the Metallomancer, an adept GrEE of Vehumet (Vaults:3)
  13 shard shrikes
  A curse toe (Zot:3)
  2 caustic shrikes
  3 Killer Klowns (Zot:5)
  Geryon (Hell)
  10 golden dragons
  10 doom hounds
  15 bone dragons
  3 electric golems
  2 pearl dragons (Pan)
  22 Tzitzimimeh
  2 hellephants
  15 Brimstone Fiends
  28 tentacled monstrosities
  5 iron giants
  19 Ice Fiends
  18 Hell Sentinels
  29 Orb Guardians
  12 quicksilver dragons
  3 titans
  Asterion (Depths:3)
  The ghost of Dienesei the Severer, an adept MiBe of Trog (Shoals:1)
  20 tentacled starspawn
  12 liches
  Murray (Hell)
  2 deep elf master archers
  15 Executioners
  3 deep elf blademasters (Elf:3)
  Polyphemus (Shoals:3)
  23 acid blobs
  7 death cobs
  16 ancient champions
  19 sphinxes
  7 tengu reavers
  15 storm dragons
  16 shadow dragons
  18 daevas
  5 revenants
  12 rockslimes
  10 azure jellies
  16 fire giants
  A nagaraja (Snake:4)
  7 draconian monks
  18 vault wardens
  35 balrugs
  5 draconian knights
  15 cacodemons
  4 draconian scorchers
  9 deep elf sorcerers
  8 iron dragons
  A black sun (Pan)
  A ghost moth (Zot:3)
  6 deep elf elementalists
  Louise (D:15)
  4 orc warlords
  6 curse skulls
  A ghost moth (shapeshifter) (Vaults:5)
  12 frost giants
  Aizul (Snake:3)
  A ghoul (Crypt:1)
  7 draconian stormcallers
  6 draconian shifters
  59 reapers
  A juggernaut zombie (Crypt:2)
  32 angels
  20 very ugly things
  19 war gargoyles
  2 corrupters (Pan)
  3 spriggan defenders
  17 ironbound preservers
  7 draconian annihilators
  11 quicksilver oozes
  A juggernaut skeleton (Crypt:2)
  17 stone giants
  24 apis (Pan)
  7 elemental wellsprings
  3 blood saints (Pan)
  6 bennus
  16 vampire knights
  12 ophanim (Pan)
  12 green draconians
  3 dire elephants
  3 lorocyprocas
  4 yellow draconians
  12 deep elf demonologists
  5 purple draconians
  8 deep elf annihilators
  10 white draconians
  Snorg (Lair:6)
  Azrael (D:15)
  5 spark wasps
  14 black draconians
  11 red draconians
  2 entropy weavers
  22 mummy priests
  4 deep elf death magi (Elf:3)
  6 merfolk javelineers
  3 eidola
  2 quicksilver dragon zombies
  8 green deaths (Pan)
  25 blizzard demons
  9 ettins
  A crystal guardian (Vaults:4)
  A spectral kraken (Tar:7)
  7 merfolk impalers
  6 fire dragons
  11 jiangshi
  18 great orbs of eyes
  16 yaktaur captains
  A kraken zombie (Coc:7)
  3 ironbound thunderhulks
  A quicksilver dragon skeleton (Coc:1)
  2 merfolk avatars
  6 rakshasas
  12 deep elf high priests
  23 ice dragons
  6 boulder beetles
  4 hell beasts
  4 monstrous demonspawn (Pan)
  32 vault guards
  14 hydras
  3 peacekeepers
  An alligator snapping turtle (Shoals:1)
  7 ogre magi
  A ghost crab (Tar:5)
  Harold (D:7)
  A juggernaut simulacrum (Depths:2)
  7 ironbound frosthearts
  5 naga warriors
  A salamander tyrant (Snake:4)
  2 spriggan air magi (Depths:5)
  14 centaur warriors
  6 anacondas
  2 catoblepae
  2 satyrs (Shoals:2)
  An alligator (shapeshifter) (D:13)
  29 dancing weapons
  6 deep troll shamans
  3 merfolk aquamancers (Shoals:4)
  18 two-headed ogres
  32 hell hogs
  4 titan zombies
  4 death yaks
  11 vampire magi
  84 death scarabs
  A satyr (shapeshifter) (Depths:3)
  4 deep troll earth magi
  9 naga sharpshooters
  3 tengu warriors
  5 spriggan berserkers
  18 thrashing horrors
  7 shock serpents
  6 ironbound beastmasters
  2 orc high priests
  46 sun demons
  30 hell knights
  29 deep elf knights
  36 soul eaters
  A titan skeleton (Geh:1)
  2 storm dragon zombies
  26 sixfirhies
  9 shadow wraiths
  2 quicksilver dragon simulacra
  4 iron trolls
  3 storm dragon skeletons
  2 gelid demonspawn (Pan)
  12 wretched stars
  36 deep trolls
  An iron troll (shapeshifter) (Abyss:3)
  6 salamander mystics
  16 cherubim
  4 iron golems
  A deep troll (shapeshifter) (D:15)
  A spark wasp zombie (Hell)
  118 skeletal warriors
  A goliath frog (shapeshifter) (Elf:2)
  5 golden dragon zombies
  2 infernal demonspawn (Pan)
  3 spatial maelstroms
  2 death drakes
  6 sea snakes
  17 flayed ghosts
  28 shadow demons
  A ghost moth zombie (Dis:7)
  9 glowing orange brains
  3 torturous demonspawn (Pan)
  A kraken simulacrum (Coc:7)
  5 bog bodies
  7 anaconda zombies
  14 harpies
  38 deep elf archers
  10 lindwurms
  Pikel (D:6)
  2 obsidian statues (Zig:5)
  20 ironbound convokers
  39 deep elf pyromancers
  4 tengu zombies
  3 naga ritualists
  17 starcursed masses
  26 wizards
  6 anaconda skeletons
  4 shadow dragon zombies
  8 necromancers
  22 phantasmal warriors
  6 orange crystal statues
  11 orc knights
  7 golden dragon skeletons
  36 deep elf zephyrmancers
  A sphinx zombie (Hell)
  12 salamanders
  6 stone giant zombies
  4 wolf spider zombies
  9 fire giant zombies
  7 iron dragon zombies
  7 mana vipers
  7 orc sorcerers
  3 wolf spiders
  2 tengu skeletons
  7 shining eyes
  3 fauns (Shoals:2)
  6 frost giant zombies
  6 shadow dragon skeletons
  46 large abominations
  4 manticores
  7 elephants (Lair:6)
  10 worldbinders
  31 ugly things
  10 cyclopes
  A will-o-the-wisp (Abyss:3)
  7 ice statues
  15 moths of wrath
  3 dire elephant zombies
  4 stone giant skeletons
  5 frost giant skeletons
  4 apocalypse crabs (Abyss:3)
  A fire giant skeleton (Coc:7)
  2 guardian serpents (shapeshifter)
  7 iron dragon skeletons
  6 molten gargoyles
  3 merfolk sirens
  12 naga magi
  31 rust devils
  2 shock serpent zombies
  4 titan simulacra (Coc:7)
  6 water nymphs
  11 eyes of devastation
  37 black mambas
  A cane toad (shapeshifter) (D:13)
  39 smoke demons
  6 gargoyles
  9 guardian serpents
  15 vault sentinels
  A torpor snail (Zig:5)
  8 cane toads
  5 emperor scorpion zombies
  7 spectral swamp worms (Tar:7)
  15 orange demons
  6 storm dragon simulacra (Coc:7)
  Maggie (D:7)
  4 dire elephant skeletons
  3 spriggan zombies
  A kobold demonologist (D:13)
  24 hellions
  17 efreet
  10 rime drakes
  2 catoblepas zombies
  4 komodo dragons
  34 yaktaurs
  3 unseen horrors
  A minotaur zombie (Dis:2)
  20 hellwings
  3 anaconda simulacra
  5 demonic crawlers
  30 ice devils
  26 freezing wraiths
  11 hydra zombies
  A catoblepas skeleton (Geh:4)
  29 tormentors
  46 guardian mummies
  3 sea snake zombies (Hell)
  5 tengu conjurers
  37 red devils
  7 ancient zymes
  A green draconian skeleton (Tar:3)
  A purple draconian skeleton (Crypt:1)
  A white draconian skeleton (Geh:2)
  A pale draconian skeleton (Crypt:1)
  2 harpy zombies
  A jumping spider (Zig:5)
  15 merfolk
  3 polar bears
  8 hydra skeletons
  A silent spectre (Tar:4)
  3 hornets
  A wind drake (shapeshifter) (Vaults:5)
  8 blink frogs
  7 ettin zombies
  6 snapping turtles
  9 trolls
  82 slime creatures
  24 raiju (Abyss:3)
  4 wind drakes
  3 harpy skeletons
  A tarantella zombie (Crypt:1)
  2 fire dragon zombies (Hell)
  5 dream sheep (Lair:5)
  2 deep troll zombies (Hell)
  A stone giant simulacrum (Depths:2)
  78 flying skulls
  3 black mamba zombies
  4 ice dragon zombies
  7 alligator zombies
  2 fire dragon skeletons
  18 shadows
  2 spriggan skeletons
  5 ettin skeletons
  2 spriggans
  2 tarantellas
  14 air elementals
  2 alligator skeletons
  24 wraiths
  4 ice dragon skeletons
  33 yaks
  25 water elementals
  7 wyverns
  4 redbacks
  23 ynoxinuls
  3 elf skeletons
  15 ushabtiu
  8 basilisks
  2 elf zombies
  16 golden eyes
  16 fire elementals
  28 neqoxecs
  27 small abominations
  19 chaos spawn
  4 vampire mosquitoes (D:10)
  10 steam dragons
  5 wargs
  28 nagas
  2 human zombies
  3 acid dragons
  8 hydra simulacra (Coc:7)
  8 water moccasins
  6 floating eyes
  33 hell hounds
  6 cane toad zombies
  Duvessa (D:6)
  A merfolk skeleton (Coc:7)
  A swamp drake (shapeshifter) (Vaults:5)
  3 black bears
  3 ice beasts
  A monstrous demonspawn skeleton (Geh:2)
  26 orc warriors
  5 cane toad skeletons
  3 snapping turtle zombies
  12 wolves
  21 ogres
  An alligator simulacrum (Hell)
  An ettin simulacrum (Tar:7)
  31 necrophages
  A manticore zombie (Coc:7)
  An ice dragon simulacrum (Coc:1)
  11 centaurs
  A lemure (D:6)
  5 snapping turtle skeletons
  2 swamp dragon skeletons
  3 phantoms
  10 kobold brigands
  A fire crab zombie (Crypt:1)
  Blork the orc (D:5)
  12 bullfrogs
  5 earth elementals
  4 scorpions
  A wyvern zombie (D:8)
  Dowan (D:5)
  3 human skeletons
  A salamander skeleton (Crypt:2)
  2 wyvern skeletons
  A troll zombie (Coc:5)
  A shapeshifter zombie (Crypt:2)
  12 killer bees
  A troll skeleton (Crypt:1)
  61 wights
  5 electric eels
  3 howler monkeys
  7 crimson imps
  A quasit (Abyss:3)
  7 centaur zombies
  13 iron imps
  4 jellies
  17 orc priests
  Crazy Yiuf (D:6)
  A bullfrog skeleton (D:2)
  8 hounds
  Ijyb (D:5)
  8 iguanas
  17 orc wizards
  A naga skeleton (Crypt:1)
  An ogre zombie (Dis:7)
  45 mummies
  A gnoll (D:7)
  4 adders
  A howler monkey skeleton (D:6)
  3 river rats
  11 shadow imps
  10 white imps
  5 ufetubi
  An adder skeleton (D:4)
  An iguana skeleton (Crypt:2)
  4 worms (Sewer)
  A barachi zombie (Crypt:1)
  65 orcs
  A bat skeleton (Crypt:1)
  9 endoplasms
  3 giant cockroaches
  9 goblins
  6 hobgoblins
  20 kobolds
  A quokka (D:5)
  12 ball pythons
  4 bats
  3 frilled lizards
  2 kobold skeletons
  An orc skeleton (Tomb:2)
  11 rats
  A fire vortex (Geh:7)
  A lurking horror (Abyss:3)
  11 starspawn tentacles (Abyss:3)
  6 tentacles
4384 creatures vanquished.

Vanquished Creatures (collateral kills)
  2 golden dragons
  3 bone dragons
  2 Tzitzimimeh
  A doom hound (Tar:5)
  An electric golem (Zot:1)
  8 tentacled monstrosities
  The ghost of Canup the Metallomancer, an adept DgEE (Shoals:1)
  A titan (Vaults:5)
  Frances (Shoals:2)
  3 tentacled starspawn (Abyss:3)
  A death cob (Zot:1)
  2 sphinxes
  An ancient champion (Depths:5)
  A tengu reaver (Depths:4)
  A kraken (Shoals:2)
  A shadow dragon (Zot:1)
  A nagaraja (Snake:2)
  2 fire giants
  2 deep elf sorcerers (Elf:3)
  4 vault wardens
  A draconian knight (Zig:8)
  An iron dragon (Vaults:5)
  2 frost giants
  A balrug (Geh:6)
  2 draconian scorchers
  A draconian stormcaller (Zig:8)
  2 draconian annihilators
  3 ghouls (Crypt:1)
  2 war gargoyles
  4 stone giants
  2 ironbound preservers
  4 very ugly things
  2 reapers
  12 starcursed masses
  3 vampire knights
  2 black draconians (Zot:1)
  A lorocyproca (Abyss:3)
  2 deep elf demonologists
  A deep elf annihilator (Zig:9)
  4 spark wasps
  A dire elephant (Vaults:1)
  A mummy priest (Tomb:3)
  7 yaktaur captains
  4 fire dragons
  A quicksilver dragon zombie (Geh:6)
  3 merfolk impalers (Shoals:4)
  A shambling mangrove (D:13)
  4 ice dragons
  8 slime creatures
  3 hydras
  A rakshasa (D:15)
  An ironbound thunderhulk (Vaults:1)
  A boulder beetle (Lair:1)
  4 great orbs of eyes
  9 vault guards
  A catoblepas (Shoals:3)
  A salamander tyrant (Snake:4)
  A spriggan air mage (Depths:3)
  5 naga warriors
  An ogre mage (Vaults:5)
  An ironbound frostheart (Vaults:1)
  3 centaur warriors
  4 death scarabs (Tomb:3)
  7 anacondas
  3 two-headed ogres
  2 deep troll shamans (Depths:3)
  4 death yaks
  3 deep troll earth magi
  3 naga sharpshooters (Snake:4)
  2 shock serpents
  A dancing weapon (Dis:7)
  8 thrashing horrors
  An ironbound beastmaster (Vaults:2)
  A vampire mage (Depths:5)
  2 spriggan berserkers
  4 deep elf knights
  2 wretched stars (Abyss:3)
  A storm dragon zombie (Tar:5)
  2 titan skeletons
  2 soul eaters
  3 salamander mystics (Snake:4)
  A sun demon (Abyss:3)
  4 iron trolls (Depths:3)
  4 sea snakes
  15 deep trolls
  17 skeletal warriors
  4 shadow demons
  2 anaconda zombies (Coc:2)
  2 flayed ghosts
  A bog body (Coc:7)
  2 naga ritualists (Snake:4)
  5 lindwurms
  A deep elf archer (Zig:9)
  5 phantasmal warriors
  A wolf spider zombie (Coc:2)
  An ironbound convoker (Vaults:3)
  A deep elf pyromancer (Elf:3)
  An orc knight (Vaults:5)
  4 shadow dragon zombies
  A harpy (Shoals:3)
  An anaconda skeleton (Coc:2)
  2 deep elf zephyrmancers
  3 stone giant zombies
  2 frost giant zombies
  5 ugly things
  3 fire giant zombies
  An iron dragon zombie (Tar:5)
  4 mana vipers
  10 salamanders
  A shadow dragon skeleton (Geh:6)
  4 stone giant skeletons
  An iron dragon skeleton (Tar:4)
  2 fire giant skeletons
  An eye of devastation (shapeshifter) (Vaults:5)
  A merfolk siren (Shoals:2)
  4 elephants (Lair:6)
  3 fauns (Shoals:2)
  A dire elephant zombie (Geh:6)
  4 naga magi
  6 rust devils
  2 smoke demons
  8 black mambas
  5 large abominations
  A spectral swamp worm (Tar:7)
  6 water nymphs
  A cane toad (Lair:2)
  3 dire elephant skeletons
  A shock serpent skeleton (Coc:5)
  An emperor scorpion zombie (Coc:2)
  An efreet (Abyss:3)
  2 hellions
  4 rime drakes
  2 freezing wraiths (Tar:6)
  3 tengu conjurers
  A tormentor (Tar:5)
  2 komodo dragons
  5 yaktaurs
  An anaconda simulacrum (Coc:7)
  5 ice devils
  2 hydra zombies
  A merfolk (shapeshifter) (Depths:5)
  A guardian mummy (Tomb:3)
  4 red devils (Geh:6)
  An ancient zyme (Abyss:3)
  A hellwing (Abyss:3)
  A silent spectre (Abyss:3)
  2 wind drakes (Shoals:4)
  A jumping spider (Zig:5)
  10 merfolk
  2 polar bears (Lair:1)
  2 trolls (Orc:2)
  A blink frog (Lair:6)
  4 hornets
  An ice dragon zombie (Dis:4)
  A small abomination (Abyss:3)
  An alligator zombie (Coc:4)
  2 raiju (Abyss:3)
  14 flying skulls
  8 shadows
  A spriggan (Depths:3)
  2 ettin skeletons
  4 air elementals
  9 water elementals
  2 wyverns
  A ynoxinul (Abyss:3)
  2 fire dragon skeletons
  17 yaks
  4 wraiths
  4 fire elementals
  A basilisk (shapeshifter) (Vaults:5)
  A steam dragon (Lair:2)
  2 neqoxecs (Abyss:3)
  8 nagas
  A warg (Orc:2)
  3 water moccasins
  A cane toad zombie (Crypt:3)
  3 hell hounds
  A cane toad skeleton (Coc:2)
  A black bear (Lair:3)
  7 necrophages
  3 ice beasts (Coc:2)
  2 orc warriors (Orc:1)
  3 snapping turtle skeletons
  7 ogres
  6 wolves
  A centaur (Shoals:4)
  An elf zombie (Dis:3)
  2 bullfrogs
  A scorpion (Lair:3)
  A troll skeleton (Abyss:3)
  10 wights
  An orc priest (D:7)
  A hound (D:6)
  6 iron imps
  2 orc wizards
  3 mummies (Tomb:3)
  3 gnolls (D:7)
  2 river rats (D:4)
  2 shadow imps
  2 white imps (Coc:2)
  10 orcs
  A hobgoblin (D:1)
  A ball python (D:1)
  2 kobolds
  3 starspawn tentacles (Abyss:3)
  2 tentacles (Shoals:2)
606 creatures vanquished.

Vanquished Creatures (others)
  A deep elf master archer (Elf:3)
  An eldritch tentacle (Pan)
  A draconian scorcher (Zig:8)
  2 deep elf elementalists (Elf:3)
  A salamander tyrant (Snake:4)
  A merfolk aquamancer (Shoals:1)
  A titan skeleton (Tar:6)
  An iron troll (Vaults:5)
  A glowing orange brain (Depths:5)
  2 wizards (Pan)
  A deep elf zephyrmancer (Elf:1)
  A water nymph (Shoals:4)
  2 smoke demons
  2 rime drakes (Lair:2)
  A tengu conjurer (Depths:3)
  A large abomination (Pan)
  A spriggan (Depths:5)
  An air elemental (Shoals:4)
  A water elemental (Shoals:4)
  A golden eye (Pan)
  A warg (Vaults:5)
  A cane toad skeleton (Coc:2)
  3 orc warriors
  An orc (Vaults:5)
  3 ball lightnings (Pan)
  A block of ice (Pan)
  A bush (Lair:6)
  85 fire vortices
  4 foxfires (Abyss:3)
  58 fungi
  A lurking horror (Abyss:3)
  90 plants
  35 starspawn tentacles
  11 tentacles
  5 toadstools (Depths:2)
  31 withered plants
355 creatures vanquished.

Grand Total: 5345 creatures vanquished

Notes
Turn   | Place    | Note
-------+----------+-------------------------------------------
     0 | D:1      | DocSulfur the Demonspawn Necromancer began the quest for
                  | the Orb.
     0 | D:1      | Reached XP level 1. HP: 13/13 MP: 3/3
     4 | D:1      | Learned a level 1 spell: Animate Skeleton
   474 | D:1      | Gained mutation: You are partially covered in sharp spines.
                  | [demonic ancestry]
   474 | D:1      | Reached XP level 2. HP: 4/19 MP: 3/5
   903 | D:1      | Found Raap's Book Boutique.
  1225 | D:1      | Reached skill level 5 in Necromancy
  1226 | D:1      | Reached XP level 3. HP: 11/24 MP: 5/7
  1666 | D:2      | Learned a level 3 spell: Vampiric Draining
  2621 | D:3      | Noticed a centaur
  2915 | D:4      | Reached skill level 3 in Spellcasting
  3294 | D:4      | Reached XP level 4. HP: 26/30 MP: 4/8
  3420 | D:4      | Noticed an ogre
  3488 | D:4      | Noticed a scorpion
  3503 | D:4      | Killed a scorpion
  3604 | D:4      | Gained mutation: You have a pair of small antennae on your
                  | head. [demonic ancestry]
  3604 | D:4      | Reached XP level 5. HP: 33/35 MP: 7/10
  3652 | D:4      | Found a glowing drain.
  3670 | Sewer    | Entered a sewer
  4007 | Sewer    | Reached skill level 4 in Spellcasting
  4240 | Sewer    | Reached XP level 6. HP: 39/41 MP: 12/12
  4767 | Sewer    | Reached XP level 7. HP: 33/46 MP: 0/13
  5315 | D:4      | Reached skill level 5 in Spellcasting
  6035 | D:3      | Found a faded altar of an unknown god.
  6387 | D:4      | Reached XP level 8. HP: 49/52 MP: 7/16
  6529 | D:5      | Entered Level 5 of the Dungeon
  6700 | D:5      | Noticed Blork the orc
  6706 | D:5      | Killed Blork the orc
  6916 | D:5      | Reached skill level 10 in Necromancy
  6986 | D:5      | Noticed Ijyb
  6992 | D:5      | Reached skill level 6 in Spellcasting
  6998 | D:5      | Killed Ijyb
  7048 | D:5      | Found a staircase to the Ecumenical Temple.
  7086 | Temple   | Entered the Ecumenical Temple
  7202 | Temple   | Became a worshipper of Kikubaaqudgha
  7256 | D:5      | Learned a level 5 spell: Agony
  7455 | D:3      | Found Tyucseg's Magic Scroll Emporium.
  7462 | D:3      | Bought a scroll of identify for 24 gold pieces
  7462 | D:3      | Bought a scroll of teleportation for 36 gold pieces
  7465 | D:3      | Bought a scroll of identify for 24 gold pieces
  7465 | D:3      | Bought a scroll of identify for 24 gold pieces
  7905 | D:6      | Noticed Dowan
  7910 | D:6      | Noticed Duvessa
  8240 | D:6      | Noticed Pikel
  8258 | D:6      | Killed Pikel
  8259 | D:6      | Gained mutation: You are partially covered in rugged brown
                  | scales. (AC +1, +3% HP) [demonic ancestry]
  8259 | D:6      | Reached XP level 9. HP: 48/58 MP: 9/18
  8431 | D:6      | Found Peodd's Weapon Boutique.
  8520 | D:6      | Killed Duvessa
  8537 | D:5      | Killed Dowan
  8728 | D:6      | Found a runed translucent door.
  8737 | D:6      | Noticed Crazy Yiuf
  9136 | D:6      | Killed Crazy Yiuf
  9136 | D:6      | Reached * piety under Kikubaaqudgha
  9136 | D:6      | Received a gift from Kikubaaqudgha
  9242 | D:7      | Learned a level 2 spell: Sublimation of Blood
  9266 | D:7      | Learned a level 4 spell: Animate Dead
  9301 | D:7      | Reached skill level 1 in Fighting
  9459 | D:7      | Noticed Maggie
  9478 | D:7      | Killed Maggie
  9835 | D:7      | Found a hazy altar of Hepliaklqana.
 10100 | D:7      | Noticed Harold
 10115 | D:7      | Killed Harold
 10116 | D:7      | Reached skill level 5 in Fighting
 10116 | D:7      | Reached XP level 10. HP: 51/76 MP: 3/19
 10366 | D:8      | Found a shimmering blue altar of Sif Muna.
 10423 | D:8      | Found a stormy altar of Qazlal.
 10944 | D:8      | Found a staircase to the Lair.
 11471 | D:8      | Reached ** piety under Kikubaaqudgha
 11555 | D:8      | Reached skill level 7 in Spellcasting
 11625 | D:8      | Found a sacrificial altar of Ru.
 12384 | D:9      | Identified the +2 scale mail of Disaster {rPois}
 12573 | D:9      | Reached skill level 1 in Shields
 12883 | D:9      | Found a burning altar of Makhleb.
 13063 | D:9      | Reached skill level 5 in Evocations
 13487 | D:10     | Entered Level 10 of the Dungeon
 13756 | D:10     | Found an iron altar of Okawaru.
 13996 | D:10     | Reached XP level 11. HP: 50/80 MP: 22/22
 14335 | D:10     | Noticed a two-headed ogre
 14349 | D:10     | Killed a two-headed ogre
 14350 | D:10     | Reached skill level 8 in Spellcasting
 14762 | D:1      | Bought a book of Decay for 360 gold pieces
 14768 | D:1      | Learned a level 4 spell: Dispel Undead
 14775 | D:1      | Learned a level 6 spell: Death Channel
 15471 | D:10     | Reached *** piety under Kikubaaqudgha
 15471 | D:10     | Received a gift from Kikubaaqudgha
 15489 | D:10     | Found a staircase to the Orcish Mines.
 16169 | D:11     | Noticed a boulder beetle
 16191 | D:11     | Killed a boulder beetle
 16362 | D:11     | Found a runed translucent door.
 16362 | D:11     | Found a shimmering altar of Xom.
 16362 | D:11     | Noticed Mitsuki's ghost (journeyman MiFi)
 16364 | D:11     | Noticed a +0 rapier of chaos
 16734 | D:11     | Reached skill level 15 in Necromancy
 16986 | D:11     | Noticed a cyan ugly thing
 17624 | Lair:1   | Entered Level 1 of the Lair of Beasts
 17629 | Lair:1   | Noticed a boulder beetle
 17785 | Lair:1   | Noticed a six-headed hydra
 17791 | Lair:1   | Killed a six-headed hydra
 17863 | Lair:1   | Killed a boulder beetle
 17864 | Lair:1   | Gained mutation: Your demonic aura sometimes causes spilled
                  | blood to erupt in flames. [demonic ancestry]
 17864 | Lair:1   | Reached XP level 12. HP: 63/90 MP: 16/24
 17976 | Lair:1   | Identified the +2 shortbow "Zaolousoo" {flame, Will- Str+3
                  | Int+4}
 18739 | Lair:2   | Found a staircase to the Shoals.
 18831 | Lair:2   | Found the +10 tower shield of Ignorance {rN+ Int-4}
 18989 | Lair:2   | Reached skill level 9 in Spellcasting
 19164 | Lair:2   | Reached **** piety under Kikubaaqudgha
 19500 | Lair:2   | Reached skill level 10 in Spellcasting
 20517 | Lair:3   | Learned a level 5 spell: Excruciating Wounds
 20573 | Lair:3   | Reached skill level 11 in Spellcasting
 20637 | Lair:3   | Found a staircase to the Snake Pit.
 21713 | Lair:4   | Noticed a four-headed hydra
 21718 | Lair:4   | Killed a four-headed hydra
 21775 | Lair:4   | Gained mutation: Your demonic aura often causes spilled
                  | blood to erupt in flames. [demonic ancestry]
 21775 | Lair:4   | Reached XP level 13. HP: 88/98 MP: 18/28
 22144 | Lair:4   | Reached skill level 12 in Spellcasting
 22821 | Lair:5   | Reached ***** piety under Kikubaaqudgha
 23981 | Lair:5   | Reached skill level 10 in Fighting
 24313 | Lair:6   | Entered Level 6 of the Lair of Beasts
 24326 | Lair:6   | Noticed Snorg
 24371 | Lair:6   | Killed Snorg
 24406 | Lair:6   | Reached skill level 1 in Polearms
 24574 | Lair:6   | Reached skill level 5 in Polearms
 24732 | Lair:6   | Gained mutation: You have a pair of antennae on your head.
                  | [demonic ancestry]
 24732 | Lair:6   | Reached XP level 14. HP: 67/114 MP: 23/30
 25305 | Lair:6   | Found a staircase to the Slime Pits.
 26058 | D:9      | Learned a level 5 spell: Borgnjor's Vile Clutch
 26223 | D:9      | Reached skill level 1 in Earth Magic
 26764 | D:12     | Reached ****** piety under Kikubaaqudgha
 27031 | D:12     | Reached skill level 5 in Earth Magic
 27079 | D:12     | Received a gift from Kikubaaqudgha
 27191 | D:12     | Identified the +4 mace "Otyiki" {flame, Int+3}
 27609 | D:13     | Reached skill level 1 in Transmutations
 28364 | D:13     | Found the +2 robe of Vines {NoPotionHeal Regen+++}
 28697 | D:14     | Found a gate to the Vaults.
 28709 | D:14     | Gained mutation: You are mostly covered in rugged brown
                  | scales. (AC +2, +5% HP) [demonic ancestry]
 28709 | D:14     | Reached XP level 15. HP: 97/122 MP: 6/31
 29443 | D:14     | Found a portal to a secret trove of treasure.
 29687 | D:15     | Entered Level 15 of the Dungeon
 29690 | D:15     | Identified a scroll of acquirement
 29802 | D:15     | Noticed Azrael
 30064 | D:15     | Reached skill level 5 in Transmutations
 30260 | D:15     | Found a staircase to the Depths.
 30414 | D:15     | Noticed Louise
 30431 | D:15     | Killed Louise
 30558 | D:15     | Killed Azrael
 31299 | Orc:1    | Entered Level 1 of the Orcish Mines
 31312 | Orc:1    | Reached skill level 13 in Spellcasting
 31319 | Orc:1    | Noticed an orc warlord
 31341 | Orc:1    | Killed an orc warlord
 31505 | Orc:1    | Found Julypt's Distillery.
 31561 | Orc:2    | Entered Level 2 of the Orcish Mines
 31591 | Orc:2    | Found Ymohin's Magic Scroll Shop.
 31620 | Orc:2    | Found a staircase to the Elven Halls.
 31722 | Orc:2    | Found Asteum's Armour Shoppe.
 31725 | Orc:2    | Paralysed by an ogre mage for 3 turns
 31746 | Orc:2    | Reached skill level 5 in Shields
 31809 | Orc:2    | Gained mutation: You are mostly covered in sharp spines.
                  | [demonic ancestry]
 31809 | Orc:2    | Reached XP level 16. HP: 56/129 MP: 9/33
 31876 | Orc:2    | Found Bimnenu's Book Shop.
 31882 | Orc:2    | Found Yvvanky's Assorted Antiques.
 31883 | Orc:2    | Found Ecampase's Magic Scroll Emporium.
 33290 | Snake:1  | Entered Level 1 of the Snake Pit
 33555 | Snake:1  | Got the Guide on Harmful Beguiling
 33954 | Snake:2  | Found Hoalep's Overcharged Wands.
 35172 | Snake:2  | Identified the +1 leather armour "Wushrolu" {Drain rF++
                  | Int+3 Stlth+}
 35338 | Snake:3  | Found Woynlazi's Weapon Shop.
 35342 | Snake:3  | Found Bacwusiafe's Antique Armour Boutique.
 35342 | Snake:3  | Found Lomuluul's Distillery.
 35345 | Snake:3  | Found Vuost's Distillery.
 35364 | Snake:3  | Reached skill level 14 in Spellcasting
 35495 | Snake:3  | Noticed Aizul
 35504 | Snake:3  | Killed Aizul
 35911 | Snake:4  | Entered Level 4 of the Snake Pit
 36008 | Snake:4  | Reached skill level 10 in Shields
 36404 | Snake:4  | Reached XP level 17. HP: 125/135 MP: 25/35
 36696 | Snake:4  | Got a serpentine rune of Zot
 37844 | Shoals:1 | Entered Level 1 of the Shoals
 38101 | Shoals:1 | Reached skill level 15 in Spellcasting
 38136 | Shoals:1 | Found a runed translucent gate.
 38136 | Shoals:1 | Found a runed translucent gate.
 38136 | Shoals:1 | Found a runed translucent gate.
 38137 | Shoals:1 | Noticed Canup's ghost (adept DgEE)
 38138 | Shoals:1 | Noticed Dienesei's ghost (adept MiBe)
 38401 | Shoals:1 | Killed Dienesei's ghost
 38416 | Shoals:1 | Killed Canup's ghost
 38907 | Shoals:2 | Noticed Frances
 38920 | Shoals:2 | Killed Frances
 39024 | Shoals:2 | Noticed a kraken
 39032 | Shoals:2 | Killed a kraken
 39745 | Shoals:3 | Noticed Polyphemus
 39774 | Shoals:3 | Killed Polyphemus
 39887 | Shoals:4 | Entered Level 4 of the Shoals
 40342 | Shoals:4 | Gained mutation: You are completely covered in sharp
                  | spines. [demonic ancestry]
 40342 | Shoals:4 | Reached XP level 18. HP: 142/142 MP: 34/37
 40373 | Shoals:4 | Identified the +6 rapier "Jellybane" {vorpal, Fly rF+
                  | Will+}
 40405 | Shoals:4 | Paralysed by an air elemental for 1 turns
 40415 | Shoals:4 | Paralysed by an air elemental for 1 turns
 40421 | Shoals:4 | Paralysed by an air elemental for 1 turns
 40475 | Shoals:4 | Paralysed by an air elemental for 1 turns
 40587 | Shoals:4 | Paralysed by an air elemental for 1 turns
 40590 | Shoals:4 | Paralysed by an air elemental for 1 turns
 40720 | Shoals:4 | Got a barnacled rune of Zot
 40723 | Shoals:4 | Identified the +5 ring mail "Vasiec Luenu" {Int+4}
 40908 | Shoals:4 | Paralysed by an air elemental for 1 turns
 41025 | Shoals:4 | Paralysed by an air elemental for 1 turns
 41112 | Shoals:4 | Paralysed by an air elemental for 1 turns
 41115 | Shoals:4 | Paralysed by an air elemental for 1 turns
 41119 | Shoals:4 | Paralysed by an air elemental for 1 turns
 41125 | Shoals:4 | Paralysed by an air elemental for 1 turns
 42208 | Depths:1 | Entered Level 1 of the Depths
 42235 | Depths:1 | Reached skill level 16 in Spellcasting
 42254 | Depths:1 | You fall into a shaft and drop 1 floor!
 42368 | Depths:1 | Found a blossoming altar of Fedhas.
 42508 | Depths:1 | Found a gateway to Hell.
 42559 | Depths:1 | Reached skill level 15 in Shields
 42854 | Depths:1 | Found Pammec's Antique Armour Shoppe.
 42856 | Depths:1 | Found Olle's Distillery.
 42859 | Depths:1 | Found Miomimau's Antique Armour Shoppe.
 43319 | Depths:2 | Noticed a lich
 43324 | Depths:2 | Killed a lich
 43512 | Depths:2 | Found a viscous altar of Jiyva.
 43547 | Depths:2 | Found a transporter.
 43555 | Depths:2 | Found a transporter.
 43607 | Depths:2 | You fall into a shaft and drop 1 floor!
 43615 | Depths:2 | Noticed an Ice Fiend
 43983 | Depths:2 | Found a gateway to a ziggurat.
 44350 | Depths:2 | Acquired 994 gold pieces
 44355 | Depths:2 | Acquired 1256 gold pieces
 44359 | Depths:2 | Acquired a +0 pair of gloves of dexterity
 44521 | Depths:3 | Noticed Asterion
 44527 | Depths:3 | Killed Asterion
 44528 | Depths:3 | Reached skill level 1 in Conjurations
 44582 | Depths:3 | Reached XP level 19. HP: 127/149 MP: 30/39
 44674 | Depths:3 | Found Fukkenah's Magic Scroll Shop.
 44720 | Depths:3 | Found a transporter.
 44724 | Depths:3 | Found a corrupted altar of Lugonu.
 44743 | Depths:3 | Reached skill level 5 in Conjurations
 44743 | Depths:3 | Bought a scroll of blinking for 97 gold pieces
 44743 | Depths:3 | Bought a scroll of magic mapping for 45 gold pieces
 44743 | Depths:3 | Bought a scroll of teleportation for 39 gold pieces
 44743 | Depths:3 | Bought a scroll of teleportation for 39 gold pieces
 44951 | Depths:3 | Found a transporter.
 45587 | Depths:3 | Found a one-way gate leading to the halls of Pandemonium.
 45941 | Depths:4 | Found a basalt altar of Yredelemnul.
 46211 | Depths:4 | Noticed a golden dragon
 46222 | Depths:4 | Killed a golden dragon
 46316 | Depths:4 | Noticed a caustic shrike
 46316 | Depths:4 | Noticed a golden dragon
 46320 | Depths:4 | Killed a caustic shrike
 46338 | Depths:4 | Killed a golden dragon
 46349 | Depths:4 | Identified the ring "Osu Munem" {rPois Dex+4}
 46904 | Depths:4 | Found a one-way gate to the infinite horrors of the Abyss.
 47028 | Depths:4 | Found a runed translucent door.
 47028 | Depths:4 | Found a shimmering altar of Xom.
 47028 | Depths:4 | Noticed Onnuy's ghost (veteran DsBe)
 47029 | Depths:4 | Identified the +6 double sword of Contention {chaos, Dex+3}
 47034 | Depths:4 | Acquired 465 gold pieces
 47102 | Depths:5 | Entered Level 5 of the Depths
 47188 | Depths:5 | Noticed the Enchantress
 47228 | Depths:5 | Reached XP level 20. HP: 147/155 MP: 17/40
 47369 | Depths:5 | Noticed Sojobo
 47382 | Depths:5 | Reached skill level 10 in Conjurations
 47383 | Depths:5 | Killed Sojobo
 47384 | Depths:5 | Reached skill level 10 in Earth Magic
 47391 | Depths:5 | Identified the ring of Soner {rPois rN+ Will+ Stlth+}
 47607 | Depths:5 | Found Dueroriz's Book Emporium.
 47684 | Depths:5 | Identified the ring of Jediu {Drain rPois Slay+5}
 47866 | Depths:5 | Found Odeicee's Distillery.
 47899 | Depths:5 | Found the ring of the Octopus King
 47916 | Depths:5 | Identified a ring of the Octopus King {AC+1 EV+1 Str+1
                  | Int+1 Dex+1 SInv}
 47975 | Depths:5 | Identified the ring "Elom" {rC+ MP+9}
 48013 | Depths:5 | Identified the +5 dagger "Ducaiveu" {vorpal, Str+6}
 48115 | Depths:5 | Noticed a caustic shrike
 48125 | Depths:5 | Killed a caustic shrike
 48153 | Depths:5 | Found a transporter.
 48213 | Depths:5 | Found a transporter.
 48234 | Depths:5 | Identified the amulet of Xom's Bemusement {RegenMP Int+6
                  | Slay-2}
 48265 | Depths:5 | Reached skill level 10 in Transmutations
 48546 | Depths:5 | Found a gate to the Realm of Zot.
 48962 | Depths:5 | Gained mutation: You expend magic power (3 MP) to
                  | strengthen your wands. [potion of mutation]
 48962 | Depths:5 | Gained mutation: You are frail. (-10% HP) [potion of
                  | mutation]
 48964 | Depths:5 | Lost mutation: You expend magic power (3 MP) to strengthen
                  | your wands. [potion of mutation]
 48964 | Depths:5 | Lost mutation: You are frail. (-10% HP) [potion of
                  | mutation]
 48964 | Depths:5 | Gained mutation: Your muscles are strong. (Str +2) [potion
                  | of mutation]
 48964 | Depths:5 | Gained mutation: Your body sometimes deteriorates upon
                  | taking damage. [potion of mutation]
 49549 | Depths:3 | Bought a scroll of enchant armour for 97 gold pieces
 49549 | Depths:3 | Bought a scroll of enchant armour for 97 gold pieces
 49858 | D:9      | Lost mutation: Your body sometimes deteriorates upon taking
                  | damage. [potion of mutation]
 49858 | D:9      | Lost mutation: Your muscles are strong. (Str +2) [potion of
                  | mutation]
 49858 | D:9      | Gained mutation: You are agile. (Dex +2) [potion of
                  | mutation]
 49858 | D:9      | Gained mutation: You expend magic power (3 MP) to
                  | strengthen your wands. [potion of mutation]
 49858 | D:9      | Gained mutation: You sometimes lose the ability to read
                  | scrolls when taking damage. [potion of mutation]
 49858 | D:9      | Gained mutation: You have a pair of large antennae on your
                  | head. (SInv) [potion of mutation]
 49862 | D:9      | Lost mutation: You are agile. (Dex +2) [potion of mutation]
 49862 | D:9      | Lost mutation: You sometimes lose the ability to read
                  | scrolls when taking damage. [potion of mutation]
 49862 | D:9      | Gained mutation: You are agile. (Dex +2) [potion of
                  | mutation]
 50379 | Vaults:1 | Entered Level 1 of the Vaults
 50499 | Vaults:1 | Found Byaschunyh's Antique Armour Boutique.
 50514 | Vaults:1 | Bought an encrusted kite shield for 323 gold pieces
 50514 | Vaults:1 | Identified the +4 kite shield "Hubumpaa" {+Inv rF- rN+
                  | Dex+2} (You bought it in a shop on level 1 of the Vaults)
 50709 | Vaults:1 | Mutation became permanent: You have a pair of antennae on
                  | your head. [demonic ancestry]
 50709 | Vaults:1 | Gained mutation: You have a pair of large antennae on your
                  | head. (SInv) [demonic ancestry]
 50709 | Vaults:1 | Reached XP level 21. HP: 161/161 MP: 26/41
 51648 | Vaults:1 | Found a runed translucent door.
 51648 | Vaults:1 | Noticed cccccccc's ghost (adept TrFi)
 52817 | Vaults:2 | Found Irghedgh's Weapon Shoppe.
 53278 | Vaults:2 | Found a staircase to the Crypt.
 53278 | Vaults:2 | Found an ancient bone altar of Kikubaaqudgha.
 53278 | Vaults:2 | Found a basalt altar of Yredelemnul.
 53722 | Vaults:2 | Found Taxor's Armour Shop.
 54426 | Vaults:3 | Reached skill level 15 in Conjurations
 54839 | Vaults:3 | Found a runed translucent gate.
 54839 | Vaults:3 | Found a runed translucent gate.
 54839 | Vaults:3 | Found a runed translucent gate.
 54841 | Vaults:3 | Noticed Ucis's ghost (adept GrEE)
 54842 | Vaults:3 | Found an iron altar of Okawaru.
 54970 | Vaults:3 | Gained mutation: Your magical and physical power is
                  | slightly enhanced at high health. [demonic ancestry]
 54970 | Vaults:3 | Reached XP level 22. HP: 169/169 MP: 29/42
 55535 | Vaults:3 | Found Zunuug's Book Shop.
 55540 | Vaults:3 | Bought a book of Power for 630 gold pieces
 55713 | Vaults:3 | Killed Ucis's ghost
 55726 | Vaults:3 | Identified the +1 pair of boots "Pelaiggu" {rElec rF++
                  | rCorr MP-9}
 55729 | Vaults:3 | Identified the +9 fustibalus of the Everdark {flame, rF-
                  | rC+++ SInv}
 55972 | Vaults:4 | Identified the +11 scale mail of the Unseen Realm {MP+9
                  | Int+2 Stlth+}
 57849 | Vaults:4 | Learned a level 6 spell: Iron Shot
 58145 | Elf:1    | Entered Level 1 of the Elven Halls
 58186 | Elf:1    | Found a flickering gateway to a bazaar.
 58198 | Bazaar   | Entered a bazaar
 58198 | Bazaar   | Found Rakus's Antique Armour Shop.
 58198 | Bazaar   | Found Pyblav's Distillery.
 58231 | Bazaar   | Found Isirphuk's Antique Weapon Shop.
 58277 | Bazaar   | Bought a potion of resistance for 100 gold pieces
 58277 | Bazaar   | Bought a potion of resistance for 100 gold pieces
 58277 | Bazaar   | Bought a potion of brilliance for 40 gold pieces
 58845 | Elf:1    | Identified the +1 robe of Kexeyh Lelonn {rF+ rN+}
 58883 | Elf:1    | Found a runed translucent gate.
 58883 | Elf:1    | Found a runed translucent gate.
 58883 | Elf:1    | Found a runed translucent gate.
 58883 | Elf:1    | Found a runed translucent gate.
 58883 | Elf:1    | Found a runed translucent gate.
 58885 | Elf:1    | Found a runed translucent gate.
 59571 | Elf:2    | Gained mutation: You are completely covered in rugged brown
                  | scales. (AC +3, +7% HP) [demonic ancestry]
 59571 | Elf:2    | Reached XP level 23. HP: 169/178 MP: 1/43
 59702 | Elf:2    | Paralysed by an air elemental for 1 turns
 60307 | Elf:2    | Found a huge runed translucent gate.
 60307 | Elf:2    | Found a huge runed translucent gate.
 60307 | Elf:2    | Found a huge runed translucent gate.
 60325 | Elf:2    | Found a huge runed translucent gate.
 60325 | Elf:2    | Found a huge runed translucent gate.
 60633 | Elf:2    | Reached skill level 15 in Earth Magic
 60854 | Elf:3    | Entered Level 3 of the Elven Halls
 60854 | Elf:3    | Found Iluliu's Assorted Antiques.
 60894 | Elf:3    | Bought a translucent iron ring for 195 gold pieces
 60894 | Elf:3    | Identified the ring of the Aged Saving Wishes {rPois Will+}
                  | (You bought it in a shop on level 3 of the Elven Halls)
 60897 | Elf:3    | Bought a scroll of blinking for 292 gold pieces
 61361 | Elf:3    | Reached skill level 15 in Transmutations
 62229 | Elf:3    | Paralysed by an air elemental for 1 turns
 62492 | Elf:3    | Got the Incunabulum of Dislocation and Necromancy
 62495 | Elf:3    | Got the Disquisition on Earthen Calling
 62498 | Elf:3    | Got the Collected Works on Transmigration
 63154 | D:14     | Learned a level 8 spell: Infestation
 63403 | Vaults:5 | Entered Level 5 of the Vaults
 63413 | Vaults:5 | Reached XP level 24. HP: 143/185 MP: 18/43
 63444 | Vaults:5 | Identified the +8 battleaxe "Neuduinn" {protect, rN+}
 63505 | Vaults:5 | Found Nuessyduo's Book Shoppe.
 63569 | Vaults:5 | Reached skill level 5 in Dodging
 63908 | Vaults:5 | Identified the +0 bardiche of Doubt {vorpal, rC+ rCorr}
 63908 | Vaults:5 | Identified the amulet "Zyblaem" {RegenMP Int+4 Dex-5 SInv}
 64024 | Vaults:5 | Identified the +5 short sword of Tumult {antimagic, Str+2}
 64167 | Vaults:5 | Identified the +8 longbow of Untimely Demise {venom, rPois
                  | rF+}
 64217 | Vaults:5 | Got a silver rune of Zot
 64450 | Vaults:5 | Identified the +1 pair of gloves of Nuarch {rC+++ Dex-2}
 64573 | Vaults:5 | Reached skill level 17 in Spellcasting
 65051 | Vaults:5 | Reached skill level 10 in Dodging
 65272 | Vaults:5 | Identified the +0 helmet of Qazlal's Hope {Str+2}
 65503 | Vaults:5 | Found the +7 mace of Variability {chain chaos}
 65569 | Vaults:5 | Identified the +6 hand crossbow of Anguish {elec, rC+ Will+
                  | Int-3}
 65680 | Vaults:4 | Upgraded the game from 0.28-a0-2-g643f2454ad to
                  | 0.28-a0-6-g334057b17a
 65895 | D:14     | You paid a toll of +3 storm dragon scales to enter a
                  | treasure trove
 65896 | Trove    | Entered a treasure trove
 65911 | Trove    | Identified the +6 spear of the Toadstool {flame, rPois rF+
                  | Dex+3 Stlth-}
 65916 | Trove    | Identified the ring "Apoppidd" {Fire rCorr Dex+4 SInv}
 65919 | Trove    | Identified the ring of the Distant Future {Fire rElec Int-3
                  | Dex+2}
 66412 | Orc:2    | Bought a manual of Polearms for 800 gold pieces
 66669 | Vaults:5 | Bought a manual of Transmutations for 1920 gold pieces
 67010 | D:3      | Bought a scroll of enchant armour for 90 gold pieces
 67010 | D:3      | Bought a scroll of teleportation for 36 gold pieces
 67010 | D:3      | Bought a scroll of teleportation for 36 gold pieces
 67010 | D:3      | Bought a scroll of teleportation for 36 gold pieces
 67010 | D:3      | Bought a scroll of acquirement for 624 gold pieces
 67010 | D:3      | Bought a scroll of teleportation for 36 gold pieces
 67010 | D:3      | Acquired a staff of conjuration
 67273 | Snake:3  | Bought 2 potions of mutation for 224 gold pieces
 67273 | Snake:3  | Bought a potion of brilliance for 56 gold pieces
 67273 | Snake:3  | Bought a potion of magic for 112 gold pieces
 67273 | Snake:3  | Bought a potion of brilliance for 56 gold pieces
 67273 | Snake:3  | Bought a potion of resistance for 140 gold pieces
 67273 | Snake:3  | Bought a potion of cancellation for 112 gold pieces
 67279 | Snake:3  | Bought a potion of mutation for 128 gold pieces
 67279 | Snake:3  | Bought a potion of haste for 160 gold pieces
 67279 | Snake:3  | Bought a potion of haste for 160 gold pieces
 67279 | Snake:3  | Bought a potion of mutation for 128 gold pieces
 67279 | Snake:3  | Bought a potion of invisibility for 128 gold pieces
 67279 | Snake:3  | Bought a potion of might for 64 gold pieces
 67285 | Snake:3  | Bought a potion of might for 56 gold pieces
 67515 | Orc:2    | Bought a scroll of teleportation for 42 gold pieces
 67515 | Orc:2    | Bought a scroll of enchant armour for 105 gold pieces
 67515 | Orc:2    | Bought 2 scrolls of blinking for 210 gold pieces
 67515 | Orc:2    | Bought a scroll of fog for 28 gold pieces
 67532 | Orc:2    | Bought an Inescapable Atlas for 340 gold pieces
 67752 | Depths:1 | Bought a potion of resistance for 180 gold pieces
 67752 | Depths:1 | Bought 2 potions of might for 144 gold pieces
 67752 | Depths:1 | Bought a potion of haste for 180 gold pieces
 67752 | Depths:1 | Bought a potion of magic for 144 gold pieces
 67974 | Orc:1    | Bought 2 potions of haste for 320 gold pieces
 67974 | Orc:1    | Bought a potion of resistance for 160 gold pieces
 67974 | Orc:1    | Bought a potion of cancellation for 128 gold pieces
 67974 | Orc:1    | Bought a potion of invisibility for 128 gold pieces
 67974 | Orc:1    | Bought a potion of invisibility for 128 gold pieces
 68343 | Depths:5 | Bought a potion of cancellation for 104 gold pieces
 68343 | Depths:5 | Bought a potion of haste for 130 gold pieces
 68343 | Depths:5 | Bought a potion of haste for 130 gold pieces
 68343 | Depths:5 | Bought a potion of brilliance for 52 gold pieces
 68343 | Depths:5 | Bought a potion of brilliance for 52 gold pieces
 68444 | Zot:1    | Entered Level 1 of the Realm of Zot
 68457 | Zot:1    | Gained mutation: Your demonic aura causes all spilled blood
                  | to erupt in flames. [demonic ancestry]
 68457 | Zot:1    | Reached XP level 25. HP: 120/191 MP: 26/44
 68634 | Zot:1    | Found a runed translucent gate.
 68635 | Zot:1    | Found a runed translucent gate.
 68636 | Zot:1    | Found a runed translucent gate.
 68637 | Zot:1    | Identified the ring "Lexygial" {rPois rCorr Str+6 Int+3
                  | Dex+5}
 68639 | Zot:1    | Noticed Ustik's ghost (legendary GrMo)
 68712 | Zot:1    | Noticed an orb of fire
 69015 | Zot:1    | Identified the +5 falchion of Conscience {spect, +Rage
                  | rElec rPois Dex-5}
 69164 | Zot:1    | Reached skill level 18 in Spellcasting
 69670 | Depths:4 | Voluntarily entered the Abyss.
 69707 | Abyss:2  | Learned a level 8 spell: Necromutation
 69792 | Abyss:2  | Found a corrupted altar of Lugonu.
 69858 | Abyss:2  | Got Asmodeus's Compendium of the Escort
 70112 | Abyss:3  | Found a corrupted altar of Lugonu.
 70147 | Abyss:3  | Found a corrupted altar of Lugonu.
 70307 | Abyss:3  | Found an ancient bone altar of Kikubaaqudgha.
 70324 | Abyss:3  | Found an ancient bone altar of Kikubaaqudgha.
 70575 | Abyss:3  | Identified the +0 cloak of Defiance {rC+ Int+3}
 70675 | Abyss:3  | Paralysed by accursed screaming for 1 turns
 70683 | Abyss:3  | Paralysed by accursed screaming for 2 turns
 70692 | Abyss:3  | Paralysed by accursed screaming for 2 turns
 70705 | Depths:4 | Escaped the Abyss
 70736 | Depths:4 | Voluntarily entered the Abyss.
 70792 | Abyss:1  | Found a sparkling altar of Nemelex Xobeh.
 71219 | Abyss:3  | Reached skill level 19 in Spellcasting
 71244 | Abyss:3  | Gained mutation: Your magical and physical power is
                  | enhanced at high health. [demonic ancestry]
 71244 | Abyss:3  | Reached XP level 26. HP: 113/199 MP: 21/46
 71389 | Abyss:3  | Found a corrupted altar of Lugonu.
 71661 | Abyss:3  | Found a snail-covered altar of Cheibriados.
 72774 | Abyss:3  | Gained mutation: Your system is resistant to poisons.
                  | (rPois) [a neqoxec]
 72816 | Abyss:3  | Reached skill level 20 in Spellcasting
 72832 | Abyss:3  | Got an abyssal rune of Zot
 73015 | Depths:4 | Escaped the Abyss
 73442 | D:8      | Learned a level 7 spell: Dragon Form
 73873 | Depths:3 | Paralysed by accursed screaming for 2 turns
 73878 | Depths:3 | Paralysed by accursed screaming for 2 turns
 73889 | Depths:3 | Identified the ring "Zune" {rC- Int+6 SInv}
 73905 | Depths:3 | Identified the +5 war axe of Famine {speed, *Noise Str+4
                  | Int+5 SInv}
 74953 | Crypt:1  | Entered Level 1 of the Crypt
 75108 | Crypt:1  | Reached skill level 1 in Fire Magic
 75147 | Crypt:1  | Identified the +1 pair of boots "Eript" {Rampage +Inv rElec
                  | Int+4}
 75534 | Crypt:1  | You fall into a shaft and drop 1 floor!
 75809 | Crypt:3  | Entered Level 3 of the Crypt
 76164 | Crypt:2  | Gained mutation: Your magical and physical power is greatly
                  | enhanced at high health. [demonic ancestry]
 76164 | Crypt:2  | Reached XP level 27. HP: 205/205 MP: 37/47
 76932 | Crypt:3  | Noticed Mennas
 76992 | Crypt:3  | Killed Mennas
 77311 | Crypt:3  | Noticed Boris
 77318 | Crypt:3  | Killed Boris
 77340 | Crypt:3  | Identified the +3 chain mail of the Saviour {*Slow Fly
                  | Will- Str+10}
 77402 | Crypt:3  | Reached skill level 5 in Fire Magic
 77693 | Crypt:3  | Found a staircase to the Tomb.
 77746 | Crypt:3  | Noticed an ancient lich
 77750 | Crypt:3  | Killed an ancient lich
 77805 | Crypt:3  | Got the Handbook of Sinister Arts
 78032 | Crypt:3  | Found an ancient bone altar of Kikubaaqudgha.
 78034 | Crypt:3  | Noticed an ancient lich
 78042 | Crypt:3  | Killed an ancient lich
 78056 | Crypt:3  | Noticed Saint Roka
 78067 | Crypt:3  | Killed Saint Roka
 78089 | Crypt:3  | Noticed an ancient lich
 78098 | Crypt:3  | Killed an ancient lich
 79161 | D:8      | Learned a level 2 spell: Passwall
 79164 | D:8      | Learned a level 2 spell: Blink
 79457 | Slime:1  | Entered Level 1 of the Pits of Slime
 79503 | Slime:1  | Learned a level 8 spell: Lehudib's Crystal Spear
 79865 | Slime:5  | Entered Level 5 of the Pits of Slime
 80382 | Slime:5  | Noticed the Royal Jelly
 80404 | Slime:5  | Gained mutation: You are dopey. (Int -2) [a shining eye]
 80467 | Slime:5  | Killed the Royal Jelly
 80696 | Slime:5  | Got a slimy rune of Zot
 80711 | Slime:5  | Got Padi's Reference Book on Aerial Transformation
 80722 | Slime:5  | Identified the +2 ring mail of Recklessness {rCorr}
 80850 | Slime:5  | Identified the ring of Vasuot Paco {Drain rElec rN+ AC+4}
 82563 | D:8      | Lost mutation: You are agile. (Dex +2) [potion of mutation]
 82563 | D:8      | Lost mutation: You expend magic power (3 MP) to strengthen
                  | your wands. [potion of mutation]
 82563 | D:8      | Lost mutation: You are dopey. (Int -2) [potion of mutation]
 82563 | D:8      | Gained mutation: Your spells are a little harder to cast,
                  | but a little more powerful. [potion of mutation]
 82927 | Zot:1    | Killed an orb of fire
 83337 | Zot:2    | Reached skill level 10 in Fire Magic
 83468 | Zot:3    | Noticed an orb of fire
 83469 | Zot:3    | Gained mutation: You sometimes lose the ability to read
                  | scrolls when taking damage. [an orb of fire]
 83472 | Zot:3    | Killed an orb of fire
 83545 | Zot:2    | Lost mutation: Your spells are a little harder to cast, but
                  | a little more powerful. [potion of mutation]
 83545 | Zot:2    | Lost mutation: Your system is resistant to poisons. (rPois)
                  | [potion of mutation]
 83545 | Zot:2    | Lost mutation: You sometimes lose the ability to read
                  | scrolls when taking damage. [potion of mutation]
 83545 | Zot:2    | Gained mutation: You sometimes lose the ability to read
                  | scrolls when taking damage. [potion of mutation]
 83546 | Zot:2    | Lost mutation: You sometimes lose the ability to read
                  | scrolls when taking damage. [potion of mutation]
 83546 | Zot:2    | Gained mutation: You have sharp fingernails. [potion of
                  | mutation]
 83546 | Zot:2    | Gained mutation: Potions are less effective at restoring
                  | your health. [potion of mutation]
 84992 | Zot:3    | Noticed an orb of fire
 84998 | Zot:3    | Killed an orb of fire
 85744 | Zot:5    | Entered Level 5 of the Realm of Zot
 85860 | Zot:5    | Noticed an orb of fire
 85873 | Zot:5    | Killed an orb of fire
 86401 | Zot:5    | Noticed a dread lich
 86405 | Zot:5    | Killed a dread lich
 86456 | Zot:5    | Noticed a dread lich
 86513 | Zot:5    | Killed a dread lich
 86647 | Zot:5    | Noticed an ancient lich
 86661 | Zot:5    | Noticed a dread lich
 86662 | Zot:5    | Killed an ancient lich
 86672 | Zot:5    | Killed a dread lich
 86707 | Zot:5    | Noticed an orb of fire
 86713 | Zot:5    | Killed an orb of fire
 87006 | Zot:5    | Reached skill level 15 in Fire Magic
 87134 | Zot:5    | Noticed a dread lich
 87136 | Zot:5    | Noticed an ancient lich
 87140 | Zot:5    | Noticed a dread lich
 87144 | Zot:5    | Killed a dread lich
 87145 | Zot:5    | Killed an ancient lich
 87148 | Zot:5    | Killed a dread lich
 87153 | Zot:5    | Noticed a dread lich
 87156 | Zot:5    | Killed a dread lich
 87157 | Zot:5    | Noticed an orb of fire
 87164 | Zot:5    | Killed an orb of fire
 87491 | Zot:5    | Lost mutation: Potions are less effective at restoring your
                  | health. [potion of mutation]
 87491 | Zot:5    | Gained mutation: You have a somewhat thin skeletal
                  | structure. (Dex +2, Stealth+) [potion of mutation]
 87491 | Zot:5    | Lost mutation: You have sharp fingernails. [potion of
                  | mutation]
 87496 | Zot:5    | Gained mutation: You are somewhat resistant to further
                  | mutation. [potion of mutation]
 88858 | Zig:1    | Entered Level 1 of a ziggurat
 88878 | Zig:2    | Entered Level 2 of a ziggurat
 88903 | Zig:3    | Entered Level 3 of a ziggurat
 88906 | Zig:3    | Noticed Eka Ebur the pandemonium lord
 88911 | Zig:3    | Killed Eka Ebur the pandemonium lord
 88938 | Zig:4    | Entered Level 4 of a ziggurat
 88988 | Zig:4    | Acquired the amulet of Mistrust {rC+ Regen+ Int+5}
 88999 | Zig:5    | Entered Level 5 of a ziggurat
 89085 | Zig:6    | Entered Level 6 of a ziggurat
 89139 | Zig:7    | Entered Level 7 of a ziggurat
 89200 | Zig:7    | Identified the +5 hand crossbow of Quick Death {elec, rC+
                  | Will+ Stlth+}
 89204 | Zig:8    | Entered Level 8 of a ziggurat
 89241 | Zig:8    | Identified the +8 shortbow "Sakhlouffa" {flame, SInv}
 89275 | Zig:9    | Entered Level 9 of a ziggurat
 89313 | Zig:9    | Got the Disquisition on the Frostbite
 89364 | Zig:10   | Entered Level 10 of a ziggurat
 89429 | Zig:10   | Identified the ring of Sikimpy {rN+ Int+4 Slay+4 Stlth-}
 89435 | Zig:10   | Identified the +7 broad axe "Guisick" {vorpal, rF+ MP-9
                  | SInv}
 89575 | Pan      | Entered Pandemonium
 89735 | Pan      | Reached skill level 21 in Spellcasting
 89856 | Pan      | Identified the ring "Qoustri" {+Blink Fly Will+ Int+6}
 91138 | Pan      | Noticed a seraph
 91167 | Pan      | Killed a seraph
 91196 | Pan      | Got a demonic rune of Zot
 91562 | Pan      | Found an exit through the horrors of the Abyss.
 91627 | Pan      | Learned a level 8 spell: Ignition
 91810 | Pan      | Noticed Evotev the pandemonium lord
 91815 | Pan      | Killed Evotev the pandemonium lord
 92257 | Pan      | Found a runed translucent door.
 92262 | Pan      | Found a runed translucent door.
 92266 | Pan      | Found a runed translucent door.
 92307 | Pan      | Found a runed translucent door.
 92317 | Pan      | Noticed Tokes the pandemonium lord
 92322 | Pan      | Killed Tokes the pandemonium lord
 92390 | Pan      | Gained mutation: Your body sometimes deteriorates upon
                  | taking damage. [a neqoxec]
 92506 | Pan      | Entered the realm of Lom Lobon.
 92523 | Pan      | Noticed Lom Lobon
 92600 | Pan      | Killed Lom Lobon
 92601 | Pan      | Reached skill level 22 in Spellcasting
 92668 | Pan      | Got a magical rune of Zot
 92846 | Pan      | Found an exit through the horrors of the Abyss.
 93526 | Pan      | Acquired a staff of conjuration
 93562 | Pan      | Found an exit through the horrors of the Abyss.
 93730 | Pan      | Noticed Efofieh the pandemonium lord
 93734 | Pan      | Killed Efofieh the pandemonium lord
 93889 | Pan      | Entered the realm of Cerebov.
 93889 | Pan      | Found the +6 sword of Cerebov {flame}
 93889 | Pan      | Noticed Cerebov
 94015 | Pan      | Killed Cerebov
 94016 | Pan      | Reached skill level 15 in Fighting
 94084 | Pan      | Got a fiery rune of Zot
 94147 | Pan      | Identified the amulet "Disir" {Faith -Cast Rampage rPois
                  | Stlth+}
 94178 | Pan      | Identified the ring of Ducag {rPois rF- AC+4 Str+3 Int+8}
 95287 | Pan      | Entered the realm of Mnoleg.
 95588 | Pan      | Noticed Mnoleg
 95602 | Pan      | Killed Mnoleg
 95762 | Pan      | Got a glowing rune of Zot
 95845 | Pan      | Entered the realm of Gloorx Vloq.
 95992 | Pan      | Reached skill level 23 in Spellcasting
 96038 | Pan      | Noticed Gloorx Vloq
 96329 | Pan      | Killed Gloorx Vloq
 96383 | Pan      | Got a dark rune of Zot
 96682 | Depths:3 | Escaped Pandemonium
 96738 | Depths:3 | Learned a level 8 spell: Borgnjor's Revivification
 97321 | Hell     | Entered the Vestibule of Hell
 97321 | Hell     | Noticed Geryon
 97324 | Hell     | Killed Geryon
 97364 | Hell     | Found a gateway to the Iron City of Dis.
 97440 | Depths:1 | Learned a level 9 spell: Shatter
 97498 | Hell     | Noticed Murray
 97500 | Hell     | Killed Murray
 97962 | Hell     | Found a gateway to the freezing wastes of Cocytus.
 98072 | Hell     | Found a gateway to the decaying netherworld of Tartarus.
 98127 | Hell     | Found a gateway to the ashen valley of Gehenna.
 98549 | Coc:1    | Entered Level 1 of Cocytus
 99226 | Coc:7    | Entered Level 7 of Cocytus
 99404 | Coc:7    | Reached skill level 24 in Spellcasting
 99727 | Coc:7    | Identified the +10 shortbow of Joovoiju {freeze, rElec
                  | Str+6 Dex-3}
 99728 | Coc:7    | Identified the +4 scale mail of Action {rElec Int+7 Dex-3}
100057 | Coc:7    | Identified the +5 rapier "Looseticso" {elec, rPois Str+3
                  | Dex+5 Stlth-}
100057 | Coc:7    | Noticed Antaeus
100137 | Coc:7    | Killed Antaeus
100138 | Coc:7    | Reached skill level 25 in Spellcasting
100169 | Coc:7    | Found the +2 Maxwell's thermic engine {flame, freeze}
100178 | Coc:7    | Got an icy rune of Zot
100351 | Tar:1    | Entered Level 1 of Tartarus
101134 | Tar:5    | Reached skill level 26 in Spellcasting
101431 | Tar:7    | Entered Level 7 of Tartarus
102056 | Tar:7    | Reached skill level 27 in Spellcasting
102088 | Tar:7    | Learned a level 9 spell: Fire Storm
102744 | Tar:7    | Noticed the Serpent of Hell
102749 | Tar:7    | Killed the Serpent of Hell
102802 | Tar:7    | Noticed Ereshkigal
102822 | Tar:7    | Killed Ereshkigal
102866 | Tar:7    | Identified the +7 mace "Jiepila" {flame, rF+}
102887 | Tar:7    | Found the +11 plutonium sword {Contam Stlth-}
102894 | Tar:7    | Got a bone rune of Zot
103541 | Geh:1    | Entered Level 1 of Gehenna
103930 | Geh:5    | You are sucked into a shaft and drop 1 floor!
104296 | Geh:7    | Entered Level 7 of Gehenna
104592 | Geh:7    | Acquired a manual of Transmutations
104694 | Geh:7    | Found the +7 sceptre of Asmodeus
104694 | Geh:7    | Noticed Asmodeus
104711 | Geh:7    | Killed Asmodeus
104780 | Geh:7    | Got an obsidian rune of Zot
105031 | Dis:1    | Entered Level 1 of the Iron City of Dis
105467 | Dis:7    | Entered Level 7 of the Iron City of Dis
105767 | Dis:7    | Found the ring of the Octopus King
105775 | Dis:7    | Identified a ring of the Octopus King {Fly AC+1 EV+1 Str+1
                  | Int+1 Dex+1}
106635 | Dis:7    | Found the +4 staff of Dispater
106635 | Dis:7    | Noticed Dispater
106655 | Dis:7    | Killed Dispater
106716 | Dis:7    | Got an iron rune of Zot
107342 | Tomb:1   | Entered Level 1 of the Tomb of the Ancients
107962 | Tomb:1   | Noticed a royal mummy
107965 | Tomb:1   | Noticed a royal mummy
107967 | Tomb:1   | Killed a royal mummy
107969 | Tomb:1   | Killed a royal mummy
107972 | Tomb:1   | Noticed a royal mummy
107981 | Tomb:1   | Noticed a royal mummy
107981 | Tomb:1   | Noticed a royal mummy
107984 | Tomb:1   | Killed a royal mummy
107984 | Tomb:1   | Killed a royal mummy
107985 | Tomb:1   | Reached skill level 15 in Dodging
107987 | Tomb:1   | Killed a royal mummy
107993 | Tomb:1   | Noticed a royal mummy
107997 | Tomb:1   | Killed a royal mummy
108036 | Tomb:1   | Noticed a royal mummy
108039 | Tomb:1   | Noticed a royal mummy
108041 | Tomb:1   | Killed a royal mummy
108042 | Tomb:1   | Killed a royal mummy
108043 | Tomb:1   | Noticed a royal mummy
108047 | Tomb:1   | Killed a royal mummy
108050 | Tomb:1   | Noticed a royal mummy
108053 | Tomb:1   | Noticed a royal mummy
108056 | Tomb:1   | Killed a royal mummy
108057 | Tomb:1   | Killed a royal mummy
108061 | Tomb:1   | Noticed a royal mummy
108065 | Tomb:1   | Killed a royal mummy
108151 | Tomb:1   | Noticed a royal mummy
108164 | Tomb:1   | Killed a royal mummy
108259 | Tomb:1   | Noticed a royal mummy
108262 | Tomb:1   | Killed a royal mummy
108270 | Tomb:1   | Noticed a royal mummy
108276 | Tomb:1   | Killed a royal mummy
108306 | Tomb:1   | Noticed a royal mummy
108309 | Tomb:1   | Killed a royal mummy
108313 | Tomb:1   | Noticed a royal mummy
108318 | Tomb:1   | Killed a royal mummy
108319 | Tomb:1   | Noticed a royal mummy
108324 | Tomb:1   | Killed a royal mummy
108369 | Tomb:1   | Noticed a royal mummy
108369 | Tomb:1   | Noticed a royal mummy
108371 | Tomb:1   | Killed a royal mummy
108372 | Tomb:1   | Killed a royal mummy
108410 | Tomb:2   | Noticed a royal mummy
108410 | Tomb:2   | Noticed a royal mummy
108412 | Tomb:2   | Killed a royal mummy
108412 | Tomb:2   | Killed a royal mummy
108420 | Tomb:2   | Noticed a royal mummy
108425 | Tomb:2   | Noticed a royal mummy
108427 | Tomb:2   | Killed a royal mummy
108432 | Tomb:2   | Killed a royal mummy
108836 | Tomb:2   | Noticed Boris
108842 | Tomb:2   | Killed Boris
109040 | Tomb:3   | Entered Level 3 of the Tomb of the Ancients
109096 | Tomb:3   | Noticed a royal mummy
109101 | Tomb:3   | Killed a royal mummy
109106 | Tomb:3   | Noticed a royal mummy
109161 | Tomb:3   | Noticed a royal mummy
109163 | Tomb:3   | Killed a royal mummy
109166 | Tomb:3   | Noticed a royal mummy
109168 | Tomb:3   | Killed a royal mummy
109171 | Tomb:3   | Killed a royal mummy
109182 | Tomb:3   | Noticed a royal mummy
109183 | Tomb:3   | Noticed a royal mummy
109185 | Tomb:3   | Killed a royal mummy
109307 | Tomb:3   | Noticed a royal mummy
109310 | Tomb:3   | Killed a royal mummy
109324 | Tomb:3   | Noticed a royal mummy
109329 | Tomb:3   | Killed a royal mummy
109355 | Tomb:3   | Noticed a royal mummy
109358 | Tomb:3   | Killed a royal mummy
109371 | Tomb:3   | Killed a royal mummy
109446 | Tomb:3   | Got a golden rune of Zot
109533 | Tomb:3   | Identified the +1 chain mail "Paykic" {Fly rN+ Str+6 Int-2}
109564 | Tomb:3   | Identified the +0 scale mail of the Nine Knives {Int+3}
109605 | Tomb:3   | Identified the +0 cloak of Cuynnat {rElec Str+3}
110582 | Zot:5    | Got the Orb of Zot
110883 | D:14     | Noticed a seraph
110889 | D:14     | Killed a seraph
110951 | D:10     | Noticed Orphyita the pandemonium lord
110953 | D:10     | Killed Orphyita the pandemonium lord
111141 | D:$      | Escaped with the Orb!

Illustrated notes

Levels and vault maps discovered:
D:1:      roderic_crossed_star, layout_basic, serial_shops, shop,
          minmay_heptomino_d4
D:2:      layout_basic, minmay_crystal_water
D:3:      layout_loops_ring, serial_shops, nicolae_shop_statue_plus,
          hellmonk_ecumenical_altar_leap_of_faith
D:4:      layout_loops_cross, portal_sewer_entry_e, grunt_decor_arrowhead,
          guppyfry_early_orc_mine
D:5:      layout_basic, minmay_temple_entry_nine_rooms, uniq_blork_the_orc,
          uniq_ijyb
D:6:      layout_cave_pools, mainiacjoe_overflow_alcove_4, serial_shops, shop,
          uniq_duvessa, uniq_crazy_yiuf_cottage, uniq_pikel
D:7:      layout_basic, mainiacjoe_overflow_brackets, minmay_holes, uniq_maggie,
          uniq_harold
D:8:      layout_basic, nicolae_ru_the_path_less_chosen, minitemple,
          erik_lair_island, eino_jars
D:9:      layout_gridville, bloody_makhleb, serial_glass, glass_columns_a,
          glass_columns_a, minmay_strange_pillars, item_on_display_a,
          due_unseen_surprise
D:10:     layout_loops_corners, old_standard_altar, orc_0_dummy, serial_undead,
          serial_undead_a, serial_undead_e, serial_undead_e, serial_undead_c,
          serial_undead_a, serial_undead_f, serial_undead_e, grunt_ministairs_1
D:11:     wander_river, layout_irregular_city, ebering_ghost_xom
D:12:     layout_loops_ring
D:13:     minmay_wizard_corner, layout_gridville, hellmonk_guarded_unrand_vines
D:14:     layout_irregular_city, lightli_vaults_fourway_checkpoint,
          trove_entry_hex_spiral, chequers_serial_rivers_micro_c
D:15:     gammafunk_enter_depths_forms, layout_basic,
          chequers_serial_rivers_micro_b, uniq_azrael, uniq_louise
Temple:   regret_index_temple_waves
Lair:1:   layout_hall_layers
Lair:2:   layout_small_grid, elwin_shoals_entry_rocks, special_room,
          bobbens_dragon_lair_wall
Lair:3:   layout_regular_city, guppyfry_snake_entry_island, st_stairs_6,
          roderic_carrion_pond
Lair:4:   layout_loops_ring
Lair:5:   layout_cave_pods, kennysheep_basilisk_garden, serial_bayou_shore_b,
          grunt_megastairs_2
Lair:6:   grunt_lair_end_beastmaster, layout_small_grid, slime_dummy,
          grunt_megastairs_5, uniq_snorg
Shoals:1: layout_shoals, gammafunk_ghost_cemetery
Shoals:2: layout_shoals, uniq_frances
Shoals:3: layout_shoals, uniq_polyphemus
Shoals:4: shoals_end_hellmonk_storm_palace [storm_palace_center_square,
          storm_palace_corner_reverse_hut, storm_palace_corner_grid,
          storm_palace_corner_pillars, storm_palace_corner_grid]
Snake:1:  layout_misc_corridors, serial_bayou_shore_b
Snake:2:  layout_honeycomb, nicolae_shop_overcharged_wands
Snake:3:  layout_rooms, minmay_shoptagon, uniq_aizul
Snake:4:  snake_pit_salamanders_mu, layout_cave_town, guppyfry_snake_island
Slime:1:  layout_caves
Slime:2:  layout_caves
Slime:3:  layout_caves
Slime:4:  layout_caves
Slime:5
Orc:1:    layout_caves, serial_shops, shop
Orc:2:    st_orc_open, layout_caves, serial_shops, nicolae_shop_crystal
Elf:1:    nicolae_elf_arrival_aired_out, layout_gridlike, serial_shops,
          bzr_entry_gold, orc_legates
Elf:2:    elven_hall_of_blades_hangedman_alternative
          [nicolae_blade_entry_pointy_end], layout_gridlike, grunt_megastairs_4
Elf:3:    minmay_elf_hall_x, layout_geoelf_castle, serial_shops,
          nicolae_shop_overgrown_old_shop, minmay_misc_feat_diagonals,
          elf_orc_summit_meeting
Vaults:1: ebering_vaults_ghost_inner_flame, v_misc_30, nicolae_vaults_big_ls,
          grunt_vaults_hallway_short, st_cross, vaults_room_pool,
          vaults_room_hallway, vaults_room_corners, layout_vaults_quadrants,
          serial_shops, shop
Vaults:2: nicolae_vaults_display_case, v_misc_3, hangedman_vaults_corner,
          v_misc_27, minmay_crypt_entry_necro_gods, v_alt_pattern_6,
          hangedman_vaults_slice, nicolae_vaults_ninety_degrees, v_misc_14,
          vaults_dpeg_cross, v_misc_15, ontoclasm_vaults_bender,
          vaults_room_ringed_pool, vaults_dpeg_ring, layout_vaults_big_cross,
          serial_shops, shop, nicolae_shop_crystal
Vaults:3: gammafunk_vaults_ghost_fury_of_okawaru, v_misc_3,
          hangedman_vaults_trim, v_pattern_3, v_alt_pattern_4,
          ontoclasm_vaults_tryst, vaults_room_grid, hangedman_vaults_slither,
          dpeg_vaults_waves, ontoclasm_vaults_ring_square, v_misc_31,
          vaults_mumra_minichess, vaults_dpeg_hooks,
          nicolae_vaults_diagonal_hallway_8, layout_vaults_maze_bifur,
          serial_shops, shop_statue
Vaults:4: v_rooms_1, v_pattern_1, nicolae_vaults_big_angled_halls, v_misc_18,
          hangedman_vaults_stagger, v_misc_19, nicolae_vaults_little_squares_3,
          dpeg_vaults_monster_box, nicolae_vaults_mini_display_case,
          layout_vaults_chaotic_city
Vaults:5: uniq_margery
Crypt:1:  layout_basic
Crypt:2:  layout_basic
Crypt:3:  quadcrypt_mu, uniq_mennas, uniq_boris, uniq_saint_roka
Tomb:1
Tomb:2
Tomb:3
Depths:1: layout_roguey, hell_entry, serial_bayou_pond_e, minivault_16,
          st_stairs_4, fedhas_altar_3, minmay_shop_star
Depths:2: gammafunk_jiyva_shrine, layout_twisted_cross, enter_ziggurat_f,
          grunt_hell_entry_dis_mu, kennysheep_cluttered_room,
          minmay_gold_behind_fungi
Depths:3: gammafunk_corrupted_shrine, layout_cave_pools, rand_demon_pan_entry_5,
          serial_shops, nicolae_shop_temple_entry_statues_fountains,
          hellmouth_1, serial_bayou_shore_b, infiniplex_staircase_pillars_2,
          uniq_asterion
Depths:4: cross_vault, layout_gridlike, ebering_ghost_xom,
          abyss_entry_small_statue_room, pf_hell_entry_tar_spiral,
          yredelemnul_altar_generic, dk_noncrumbling_3, serial_bayou_shore_b,
          grunt_megastairs_3, infiniplex_staircase_pool_2
Depths:5: hangedman_spin_cycle, hell_entry, uniq_enchantress
Hell
Dis:1:    layout_jigsaw
Dis:2:    layout_gridville
Dis:3:    layout_regular_city
Dis:4:    layout_chaotic_city
Dis:5:    lemuel_mystery_crypt, layout_gridville, nrook_loot_triangle
Dis:6:    layout_subdivisions
Dis:7:    dis_hangedman
Geh:1:    layout_gehenna_pools_box
Geh:2:    layout_gehenna_lava_caves
Geh:3:    layout_gehenna_lava_caves
Geh:4:    layout_gehenna_pools_box, special_room [special_room_morgue],
          hangedman_hellfire_club
Geh:5:    layout_gehenna_lava_caves
Geh:6:    layout_gehenna_pools_triple
Geh:7:    evilmike_geh
Coc:1:    layout_cocytus_delve, nicolae_coc_three_mouths
Coc:2:    layout_ice_bergs
Coc:3:    layout_ice_bergs
Coc:4:    layout_cocytus_water_paths
Coc:5:    layout_cocytus_water_paths, serial_ice
Coc:6:    layout_cocytus_water_paths
Coc:7:    coc_hangedman
Tar:1:    layout_grid_maze, nicolae_tar_cuneiform_heaven,
          nicolae_tar_cuneiform_city
Tar:2:    layout_cathedral_of_symmetry
Tar:3:    layout_catacombs
Tar:4:    layout_grid_maze, lemuel_elevator
Tar:5:    layout_honeycomb
Tar:6:    layout_grid_maze
Tar:7:    tar_minmay_river
Zot:1:    layout_gridlike, gammafunk_ghost_tricky_traps, st_stairs_8,
          grunt_megastairs_1
Zot:2:    layout_twisted_circle
Zot:3:    layout_onion_interference
Zot:4:    layout_gridlike
Zot:5:    layout_basic

Skill      XL: |  1  2  3  4  5  6  7  8  9 10 11 12 13 14 15 16 17 18 19 20 21 22 23 24 25 26 27 |
---------------+----------------------------------------------------------------------------------+-----
Necromancy     | 5 7 9 12 13 15 16 18 19 20 21 22 | 22.0
Spellcasting   | 3 4 5 6 7 8 11 12 13 14 15 16 17 19 20 27 | 27.0
Fighting       | 5 6 7 10 20 | 20.8
Evocations     | 2 5 6 |  6.1
Shields        | 3 4 6 11 13 15 | 15.0
Polearms       | 6 7 |  7.9
Earth Magic    | 6 7 9 11 12 14 16 24 | 24.5
Transmutations | 4 6 8 10 11 13 16 18 20 | 20.0
Conjurations   | 2 9 12 15 16 24 | 24.6
Dodging        | 3 10 20 | 20.0
Fire Magic     | 3 24 | 24.5
Stealth        | |  1.7

Action                   |  1- 3 |  4- 6 |  7- 9 | 10-12 | 13-15 | 16-18 | 19-21 | 22-24 | 25-27 || total
-------------------------+-------+-------+-------+-------+-------+-------+-------+-------+-------++-------
Melee: Dagger            |    32 |       |    75 |    33 |       |       |       |       |       ||   140
       Staff             |       |    43 |    43 |       |       |    37 |     1 |   109 |   645 ||   878
       Trident           |       |       |       |   357 |   369 |   143 |       |       |       ||   869
       Demon trident     |       |       |       |       |       |   224 |   396 |   153 |       ||   773
       Eveningstar       |       |       |       |       |       |       |     7 |       |       ||     7
Throw: Dart              |     1 |    78 |    12 |     6 |     1 |       |       |       |       ||    98
       Stone             |       |     1 |       |       |       |       |       |       |       ||     1
       Javelin           |       |       |       |     2 |       |    12 |       |       |     3 ||    17
       Throwing net      |       |       |       |       |       |     1 |       |       |       ||     1
 Cast: Pain              |    42 |    44 |   109 |    84 |     2 |       |       |       |       ||   281
       Animate Skeleton  |    15 |    16 |    20 |     2 |       |       |       |       |       ||    53
       Vampiric Draining |     1 |     8 |    55 |   118 |    61 |    16 |    13 |     3 |       ||   275
       Agony             |       |       |     4 |    13 |    14 |     4 |     4 |     1 |       ||    40
       Animate Dead      |       |       |     1 |    30 |    24 |    25 |    13 |     9 |     1 ||   103
       Sublimation of Bl |       |       |       |    40 |   116 |   165 |   153 |   153 |   906 ||  1533
       Dispel Undead     |       |       |       |    15 |    16 |    11 |    18 |    10 |   267 ||   337
       Death Channel     |       |       |       |    34 |    87 |   121 |   100 |    73 |    21 ||   436
       Excruciating Woun |       |       |       |     8 |    52 |     4 |       |       |       ||    64
       Borgnjor's Vile C |       |       |       |       |   126 |   361 |   366 |   340 |   567 ||  1760
       Iron Shot         |       |       |       |       |       |       |       |   121 |  1659 ||  1780
       Infestation       |       |       |       |       |       |       |       |       |    60 ||    60
       Necromutation     |       |       |       |       |       |       |       |       |    61 ||    61
       Dragon Form       |       |       |       |       |       |       |       |       |     5 ||     5
       Lehudib's Crystal |       |       |       |       |       |       |       |       |   403 ||   403
       Ignition          |       |       |       |       |       |       |       |       |   187 ||   187
       Shatter           |       |       |       |       |       |       |       |       |    64 ||    64
       Fire Storm        |       |       |       |       |       |       |       |       |    57 ||    57
       Blink             |       |       |       |       |       |       |       |       |    21 ||    21
       Passwall          |       |       |       |       |       |       |       |       |     4 ||     4
Invok: Receive Corpses   |       |       |     1 |       |     4 |     1 |     3 |     4 |     1 ||    14
       Receive Forbidden |       |       |       |       |     1 |       |       |       |       ||     1
       Torment           |       |       |       |       |       |       |       |     1 |       ||     1
 Abil: End Transformatio |       |       |       |       |       |       |       |       |    53 ||    53
       Breathe Fire      |       |       |       |       |       |       |       |       |     1 ||     1
Evoke: Wand              |       |       |    15 |     8 |     4 |       |     4 |       |    17 ||    48
  Use: Scroll            |     1 |       |     8 |    11 |     6 |    15 |     3 |    12 |    35 ||    91
       Potion            |       |       |       |       |     2 |     1 |     6 |     3 |    38 ||    50
 Stab: Sleeping          |    11 |     2 |     1 |     7 |     6 |     2 |       |     3 |     2 ||    34
       Distracted        |       |       |     2 |     3 |       |     7 |     3 |     3 |     3 ||    21
       Paralysed         |       |       |    13 |       |       |       |       |       |     4 ||    17
       Petrified         |       |       |       |       |     1 |       |       |       |       ||     1
       Invisible         |       |       |       |       |       |       |       |       |     2 ||     2
Armor: Robe              |     7 |     7 |    56 |    12 |    25 |   125 |    41 |    68 |   399 ||   740
       Steam dragon scal |       |       |       |   166 |    40 |       |       |       |       ||   206
       Troll leather arm |       |       |       |       |    16 |       |       |       |       ||    16
       Skin              |       |       |       |       |       |    11 |       |       |       ||    11
Dodge: Dodged            |    17 |    41 |   118 |   299 |   172 |   172 |    89 |   147 |  1056 ||  2111
       Repelled          |       |       |       |       |       |       |       |     1 |    69 ||    70
Block: Buckler           |       |       |       |   111 |   133 |    14 |       |       |       ||   258
       Reflection        |       |       |       |     2 |     3 |    63 |    39 |    63 |       ||   170
       Kite shield       |       |       |       |       |       |   437 |   217 |   355 |  1355 ||  2364

Table legend: (Time is in decaauts)
 A = Elapsed time spent in this place.
 B = Non-inter-level travel time spent in this place.
 C = Inter-level travel time spent in this place.
 D = Time resting spent in this place.
 E = Time spent auto-exploring this place.
 F = Levels seen in this place.
 G = Mean time per level.
                   A        B        C        D        E       F      G
               +--------+--------+--------+--------+--------+-----+--------+
         Total | 112074 | 100216 |  11858 |   3996 |  23163 | 129 |  868.8 |
       Dungeon |  27872 |  22331 |   5541 |   2858 |   5383 |  15 | 1858.1 |
        Temple |    147 |    147 |      0 |      0 |      0 |   1 |  147.0 |
          Lair |   9050 |   8100 |    950 |    409 |   3773 |   6 | 1508.3 |
        Shoals |   4103 |   3940 |    163 |      0 |   1174 |   4 | 1025.8 |
     Snake Pit |   4501 |   4000 |    501 |     19 |   1750 |   4 | 1125.2 |
    Slime Pits |   2840 |   2840 |      0 |      0 |    153 |   5 |  568.0 |
  Orcish Mines |   1965 |   1675 |    290 |     27 |    788 |   2 |  982.5 |
   Elven Halls |   5042 |   4610 |    432 |     21 |   1359 |   3 | 1680.7 |
        Vaults |  11060 |   9719 |   1341 |    113 |   3414 |   5 | 2212.0 |
         Crypt |   4250 |   3647 |    603 |      0 |   1005 |   3 | 1416.7 |
          Tomb |   2544 |   2544 |      0 |      0 |      0 |   3 |  848.0 |
        Depths |   9521 |   8021 |   1500 |     58 |   1692 |   5 | 1904.2 |
          Hell |    922 |    915 |      7 |     21 |    260 |   1 |  922.0 |
           Dis |   1823 |   1823 |      0 |      0 |      0 |   7 |  260.4 |
       Gehenna |   1426 |   1426 |      0 |     57 |      0 |   7 |  203.7 |
       Cocytus |   1738 |   1738 |      0 |      0 |      0 |   7 |  248.3 |
      Tartarus |   3111 |   3111 |      0 |      0 |    175 |   7 |  444.4 |
           Zot |   7188 |   6662 |    526 |     42 |   1644 |   5 | 1437.6 |
         Abyss |   3295 |   3295 |      0 |      0 |      0 |   7 |  470.7 |
   Pandemonium |   7043 |   7043 |      0 |      0 |    363 |  19 |  370.7 |
      Ziggurat |    623 |    623 |      0 |      0 |      0 |  10 |   62.3 |
        Bazaar |    116 |    116 |      0 |      0 |      0 |   1 |  116.0 |
         Trove |     96 |     96 |      0 |      0 |      0 |   1 |   96.0 |
         Sewer |   1786 |   1786 |      0 |    371 |    228 |   1 | 1786.0 |
               +--------+--------+--------+--------+--------+-----+--------+

Top non-repeatable levels by time:
     D:8: 4251 daAuts
    D:10: 2787 daAuts
 Abyss:3: 2678 daAuts
Vaults:1: 2547 daAuts
Vaults:5: 2398 daAuts
 Crypt:3: 2377 daAuts
Depths:5: 2346 daAuts
    D:14: 2295 daAuts
Vaults:4: 2150 daAuts
   Elf:3: 2139 daAuts
   Zot:5: 2108 daAuts
Vaults:3: 2104 daAuts
  Lair:2: 2056 daAuts
   Tar:7: 2032 daAuts
    D:15: 2029 daAuts
